 Dungeon Crawl Stone Soup version 0.27-a0-1158-gaa87e14f67 (webtiles) character file.

Game seed: 4717588085960994366

14390688 SJWr the Conqueror (level 27, 273/273 HPs)
             Began as a Hill Orc Berserker on May 6, 2021.
             Was the Champion of the Shining One.
             Escaped with the Orb
             ... and 15 runes on May 16, 2021!
             The game lasted 11:54:36 (111102 turns).

SJWr the Conqueror (Hill Orc Berserker)           Turns: 111102, Time: 11:54:37

Health: 273/273    AC: 48    Str: 24    XL:     27
Magic:  37/37      EV: 23    Int: 11    God:    the Shining One [******]
Gold:   17226      SH:  0    Dex: 13    Spells: 42/56 levels left

rFire    + + +     SeeInvis .   d - +9 executioner's axe (holy)
rCold    + + +     Faith    .   (shield currently unavailable)
rNeg     + + +     Spirit   .   P - +12 gold dragon scales
rPois    +         Reflect  .   w - -2 hat of the Alchemist {rElec rPois rF+ rC+ rN+ Will+ rMut rCorr}
rElec    +         Harm     .   N - +1 cloak of Starlight {*Dazzle EV+4 Stlth--}
rCorr    +         Rampage  .   F - +2 pair of gloves of Judepysk {+Blink rC- rCorr Int+4}
rMut     +                      W - +2 pair of boots {Fly}
Will     +++++                  g - amulet of regeneration
Stlth    ..........             D - ring "Hierun" {rF+ rC+ EV+4 Str-5 Dex+3}
HPRegen  1.55/turn              S - ring of Atheism {Wiz rC+ Will+++ rCorr Str-4}
MPRegen  0.25/turn

@: mighty, flying, glowing, studying 3 skills
A: low mp 1
0: Orb of Zot
}: 15/15 runes: decaying, slimy, silver, golden, iron, obsidian, icy, bone,
abyssal, demonic, glowing, magical, fiery, dark, gossamer
a: Renounce Religion, Evoke Blink, Divine Shield, Cleansing Flame, Summon Divine
Warrior


You escaped.
You worshipped the Shining One.
The Shining One was exalted by your worship.
You visited 18 branches of the dungeon, and saw 89 of its levels.
You visited Pandemonium 2 times, and saw 19 of its levels.
You visited the Abyss 5 times.
You visited 1 bazaar.
You visited 1 ziggurat, and saw 1 of its levels.
You also visited: Gauntlet, Ice Cave and Volcano.

You collected 19904 gold pieces.
You spent 2494 gold pieces at shops.
You donated 184 gold pieces to Zin.


Innate Abilities, Weirdness & Mutations

Your magical capacity is low. (-10% MP)


   Skills:
 O Level 27 Fighting
 O Level 27 Axes
 - Level 18.7 Throwing
 O Level 27 Armour
 - Level 25.3 Dodging
 - Level 15.0 Spellcasting
 + Level 6.9 Translocations
 - Level 16.0 Transmutations
 - Level 19.9 Earth Magic
 O Level 27 Invocations
 O Level 27 Evocations


You had 42 spell levels left.
You knew the following spells:

 Your Spells              Type           Power      Damage    Failure   Level
a - Passwall              Tmut/Erth      39%        N/A       1%          2
l - Lee's Rapid Deconstr  Erth           25%        3d15*     1%          5
n - Apportation           Tloc           46%        N/A       1%          1
s - Statue Form           Tmut/Erth      31%        N/A       2%          6

Your spell library contained the following spells:

 Spells                   Type           Power      Damage    Failure   Level
 Sandblast                Erth           100%       2d20      0%          1
 Sting                    Tmut/Pois      100%       1d8       1%          1
 Blink                    Tloc           N/A        N/A       1%          2
 Stone Arrow              Conj/Erth      60%        3d10      1%          3
 Petrify                  Tmut/Erth      47%        N/A       1%          4
 Hydra Form               Tmut           21%        N/A       1%          5
 Spider Form              Tmut/Pois      12%        N/A       2%          3
 Gell's Gravitas          Tloc           11%        N/A       4%          3
 Lesser Beckoning         Tloc           11%        N/A       4%          3
 Teleport Other           Tloc           23%        N/A       4%          3
 Animate Armour           Summ/Erth      60%        N/A       4%          4
 Blade Hands              Tmut           21%        N/A       4%          6
 Ignite Poison            Fire/Tmut/Pois 19%        N/A       8%          3
 Ice Form                 Ice/Tmut       25%        N/A       9%          4
 Borgnjor's Vile Clutch   Necr/Erth      15%        N/A       11%         5
 Passage of Golubria      Tloc           N/A        N/A       13%         4
 Portal Projectile        Hex/Tloc       30%        N/A       16%         3
 Animate Skeleton         Necr           16%        N/A       22%         1
 Corona                   Hex            8%         N/A       22%         1
 Foxfire                  Conj/Fire      32%        2x1d5     22%         1
 Freeze                   Ice            32%        1d5       22%         1
 Magic Dart               Conj           32%        1d4       22%         1
 Summon Small Mammal      Summ           32%        N/A       22%         1
 Alistair's Intoxication  Tmut/Pois      16%        N/A       24%         5
 Yara's Violent Unravell  Hex/Tmut       12%        3d7       24%         5
 Dragon Form              Tmut           21%        N/A       26%         7
 Call Imp                 Summ           8%         N/A       32%         2
 Corpse Rot               Necr/Air       N/A        N/A       32%         2
 Ensorcelled Hibernation  Hex/Ice        16%        N/A       32%         2
 Poisonous Vapours        Pois/Air       16%        N/A       32%         2
 Searing Ray              Conj           16%        3d3       32%         2
 Slow                     Hex            8%         N/A       32%         2
 Static Discharge         Conj/Air       8%         N/A       32%         2
 Manifold Assault         Tloc           23%        N/A       34%         5
 Iskenderun's Mystic Bla  Conj/Tloc      15%        2d5       45%         4
 Call Canine Familiar     Summ           8%         N/A       52%         3
 Confusing Touch          Hex            8%         N/A       52%         3
 Conjure Flame            Conj/Fire      8%         6-21      52%         3
 Dazzling Flash           Conj/Hex       16%        N/A       52%         3
 Frozen Ramparts          Ice            16%        1d3       52%         3
 Inner Flame              Hex/Fire       8%         N/A       52%         3
 Mephitic Cloud           Conj/Pois/Air  8%         N/A       52%         3
 Ozocubu's Armour         Ice            8%         N/A       52%         3
 Summon Guardian Golem    Hex/Summ       8%         N/A       52%         3
 Swiftness                Air            8%         N/A       52%         3
 Tukima's Dance           Hex            8%         N/A       52%         3
 Vampiric Draining        Necr           4%         2d6       52%         3
 Eringya's Noxious Bog    Tmut/Pois      12%        N/A       75%         6
 Summon Forest            Summ/Tloc      7%         N/A       80%         5
 Dispersal                Tloc           11%        N/A       87%         6
 Airstrike                Air            4%         N/A       89%         4
 Animate Dead             Necr           4%         N/A       89%         4
 Cause Fear               Hex            4%         N/A       89%         4
 Dispel Undead            Necr           8%         3d8       89%         4
 Fulminant Prism          Conj/Hex       4%         3d6       89%         4
 Hailstorm                Conj/Ice       8%         3d4       89%         4
 Olgreb's Toxic Radiance  Pois           8%         N/A       89%         4
 Sticky Flame             Conj/Fire      8%         2d3       89%         4
 Summon Ice Beast         Ice/Summ       8%         N/A       89%         4
 Summon Lightning Spire   Summ/Air       8%         N/A       89%         4
 Fireball                 Conj/Fire      4%         3d4       99%         5
 Metabolic Englaciation   Hex/Ice        4%         N/A       99%         5
 Silence                  Hex/Air        4%         N/A       99%         5
 Summon Mana Viper        Hex/Summ       8%         N/A       99%         5
 Conjure Ball Lightning   Conj/Air       4%         3x3d6     100%        6
 Death Channel            Necr           4%         N/A       100%        6
 Freezing Cloud           Conj/Ice/Air   4%         6-21      100%        6
 Invisibility             Hex            8%         N/A       100%        6
 Shadow Creatures         Summ           N/A        N/A       100%        6
 Simulacrum               Ice/Necr       4%         N/A       100%        6
 Starburst                Conj/Fire      4%         8x6d3     100%        6
 Haunt                    Necr/Summ      4%         N/A       100%        7
 Malign Gateway           Summ/Tloc      7%         N/A       100%        7
 Monstrous Menagerie      Summ           4%         N/A       100%        7
 Ozocubu's Refrigeration  Ice            4%         4d5       100%        7
 Spellforged Servitor     Conj/Summ      4%         N/A       100%        7
 Summon Hydra             Summ           4%         N/A       100%        7
 Chain Lightning          Conj/Air       4%         N/A       100%        8
 Discord                  Hex            4%         N/A       100%        8
 Disjunction              Tloc           11%        N/A       100%        8
 Ignition                 Fire           4%         3d4       100%        8
 Infestation              Necr           4%         N/A       100%        8
 Lehudib's Crystal Spear  Conj/Erth      15%        10d5      100%        8
 Summon Horrible Things   Summ           4%         N/A       100%        8
 Absolute Zero            Ice            4%         ∞         100%        9
 Fire Storm               Conj/Fire      4%         8d1       100%        9
 Tornado                  Air            4%         N/A       100%        9

Inventory:

Hand Weapons
 a - a +9 executioner's axe of freezing
 b - the +7 battleaxe of the Lost Thickets {antimagic, Fly Will++ Dex+5}
   (Trog gifted it to you on level 12 of the Dungeon)

   It reduces the magical energy of the wielder, and disrupts the spells and
   magical abilities of those hit.
   Natural abilities and divine invocations are not affected.
   It affects your dexterity (+5).
   It grants you flight.
   It greatly increases your willpower.
 d - a +9 executioner's axe of holy wrath (weapon)
 o - a +9 executioner's axe of flaming
Missiles
 e - 42 javelins (quivered)
 k - 7 atropa-tipped darts
 q - 5 boomerangs of dispersal {=f}
 y - 5 throwing nets {=f}
 H - 17 boomerangs
 I - 38 curare-tipped darts {=f}
 M - 16 silver javelins
Armour
 w - the -2 hat of the Alchemist (worn) {rElec rPois rF+ rC+ rN+ Will+ rMut rCorr}
   (You found it on level 7 of Gehenna)

   It protects you from fire.
   It protects you from cold.
   It insulates you from electricity.
   It protects you from poison.
   It protects you from negative energy.
   It protects you from acid and corrosion.
   It protects you from mutation.
   It increases your willpower.
 F - the +2 pair of gloves of Judepysk (worn) {+Blink rC- rCorr Int+4}
   (You found it in Pandemonium)

   It affects your intelligence (+4).
   It makes you vulnerable to cold.
   It lets you blink.
   It protects you from acid and corrosion.
 N - the +1 cloak of Starlight (worn) {*Dazzle EV+4 Stlth--}
   (You found it on level 7 of Tartarus)

   It affects your evasion (+4).
   It makes you much less stealthy.
 P - +12 gold dragon scales (worn)
 W - a +2 pair of boots of flying (worn)
Jewellery
 g - an amulet of regeneration (around neck)
 D - the ring "Hierun" (left hand) {rF+ rC+ EV+4 Str-5 Dex+3}
   (You found it in Pandemonium)

   [ring of evasion]

   It affects your evasion (+4).
   It affects your strength (-5).
   It affects your dexterity (+3).
   It protects you from fire.
   It protects you from cold.
 S - the ring of Atheism (right hand) {Wiz rC+ Will+++ rCorr Str-4}
   (You took it off a vampire knight on level 7 of Tartarus)

   [ring of wizardry]

   It improves your spell success rate.
   It affects your strength (-4).
   It protects you from cold.
   It protects you from acid and corrosion.
   It greatly increases your willpower.
Wands
 p - a wand of digging (36)
 x - a wand of paralysis (82)
 z - a wand of flame (191)
 A - a wand of acid (81)
 G - a wand of mindburst (60)
 Q - a wand of iceblast (159)
Scrolls
 l - 12 scrolls of fear
 s - 14 scrolls of teleportation {@r4}
 v - 6 scrolls of blinking
 X - 5 scrolls of fog
Potions
 c - 7 potions of might
 h - 12 potions of attraction
 i - 8 potions of heal wounds {@q2}
 m - 8 potions of ambrosia
 t - 9 potions of resistance
 u - 19 potions of curing {@q1}
 B - a potion of magic
 K - a potion of haste {@q3}
 Y - a potion of cancellation
 Z - 9 potions of mutation
Miscellaneous
 j - a box of beasts
 n - a tin of tremorstones (2/2)
 J - a lightning rod (4/4)
 R - a phantom mirror
 V - a phial of floods

Dungeon Overview and Level Annotations

Branches:
Dungeon (15/15)            Temple (1/1) D:6            Lair (6/6) D:10
  Swamp (4/4) Lair:4       Spider (4/4) Lair:3        Slime (5/5) Lair:5
    Orc (2/2) D:10            Elf (3/3) Orc:2        Vaults (5/5) D:13
  Crypt (3/3) Vaults:2       Tomb (3/3) Crypt:3      Depths (5/5) D:15
   Hell (visited)             Dis (7/7) Hell            Geh (7/7) Hell
    Coc (7/7) Hell            Tar (7/7) Hell            Zot (5/5) Depths:5
  IceCv (visited)         Volcano (visited)         Gauntlet (visited)

Altars:
Ashenzari
Cheibriados
Dithmenos
Elyvilon
Fedhas
Gozag
Hepliaklqana
Kikubaaqudgha
Makhleb
Nemelex Xobeh
Okawaru
Qazlal
Ru
Sif Muna
Trog
Uskayaw
Vehumet
Wu Jian
Xom
Yredelemnul
Zin
The Shining One
Jiyva

Shops:
D:3 *   Orc:2 (=?[   Elf:1 *=:   Vaults:3 ?   Vaults:4 ?   Vaults:5 !
Depths:2 =   Depths:3 (!

Portals:
Hell: Depths:1 Depths:2 Depths:3 Depths:4 Depths:5
Abyss: Depths:4 Depths:5
Pandemonium: Depths:1 Depths:3 Depths:5
Ziggurat: Depths:2

Annotations:
Swamp:3 2 transporters, Jacimip's ghost, journeyman HaHu
Depths:3 1 transporter

###......................#
# #..##.######.##..#.##..#
###..##.# ##.#.#.#.#.##..#
........# #.#.#.#.#..##..#
#.#.##### ##.#.#.#.#.....#
....# #.#.#.#.#..###.#
#.#.# ##.≈≈≈≈≈.#.# #.#
.##.# #.#≈...≈#.## #.#
###.# ##.≈..@≈.## #.#
.##.# #.#≈...≈#.# #.#
..#.# ##.≈≈≈≈≈.## #.#
.##.#######.#.#.#.#.# #.#
.##........#.#.#.#.### #.#
............#.#.#.#..# #.#
###.########.#.#.#.#.# #.#
# #.# #.##.####.# #.#
###.# #.##......# #.#


There were no monsters in sight!


Message History

There is a stone staircase leading down here.
There is a stone staircase leading down here.
A hellwing comes into view.
The hellwing gives a chilling moan.
Unknown command.
The hellwing closely misses you. x2
You barely miss the hellwing. You slash the hellwing!
The hellwing convulses.
The hellwing is moderately wounded.
The hellwing closely misses you. x2
You hit the hellwing but do no damage.
The hellwing is moderately wounded.
The hellwing misses you. The hellwing closely misses you.
You slash the hellwing!
The hellwing convulses!
The hellwing is almost dead.
You slice the hellwing!!
You kill the hellwing!
The Shining One accepts your kill.
(D) Dungeon (T) Temple (L) Lair (S) Swamp (N) Spider Nest (M) Slime Pits (O) Orcish Mines (E) Elven Halls (V) Vaults (C) Crypt (W) Tomb (U) Depths (H) Hell (I) Dis (G) Gehenna (X) Cocytus (Y) Tartarus (Z) Zot
Where to? (Enter - D:1 @ (x,y), ? - help)
There is a staircase leading out of the dungeon here.
Unknown command.
You feel very mighty all of a sudden.
Unknown command.
Okay, then.
You have escaped!

Skill      XL: |  1  2  3  4  5  6  7  8  9 10 11 12 13 14 15 16 17 18 19 20 21 22 23 24 25 26 27 |
---------------+----------------------------------------------------------------------------------+-----
Fighting       | 4 5 6 7 9 10 12 14 15 16 18 19 20 21 22 23 25 26 27 | 27.0
Axes           | 5 6 7 9 10 13 14 16 17 19 21 22 24 25 26 27 | 27.0
Armour         | 3 4 5 6 8 9 11 13 14 15 16 17 18 19 20 21 22 23 24 26 27 | 27.0
Evocations     | 5 11 27 | 27.0
Throwing       | 6 9 11 12 18 | 18.7
Invocations    | 11 27 | 27.0
Spellcasting   | 15 | 15.0
Earth Magic    | 19 | 19.9
Transmutations | 16 | 16.0
Dodging        | 25 | 25.3
Translocations | 6 |  6.9

Action                   |  1- 3 |  4- 6 |  7- 9 | 10-12 | 13-15 | 16-18 | 19-21 | 22-24 | 25-27 || total
-------------------------+-------+-------+-------+-------+-------+-------+-------+-------+-------++-------
Melee: Hand axe          |    78 |    78 |    11 |       |       |       |       |       |       ||   167
       Whip              |       |    43 |   261 |     7 |       |       |       |       |       ||   311
       War axe           |       |       |    77 |   541 |       |       |       |       |       ||   618
       Mace              |       |       |       |    39 |       |       |       |       |       ||    39
       Scimitar          |       |       |       |     3 |       |       |       |       |       ||     3
       Broad axe         |       |       |       |     5 |   499 |       |       |       |       ||   504
       Battleaxe         |       |       |       |       |     7 |  1188 |   154 |    17 |       ||  1366
       Executioner's axe |       |       |       |       |       |    59 |   730 |   775 |  8032 ||  9596
       Morningstar       |       |       |       |       |       |       |       |       |    39 ||    39
Throw: Dart              |       |       |     1 |     1 |       |       |       |       |       ||     2
       Javelin           |       |       |       |       |       |       |       |     5 |   346 ||   351
       Boomerang         |       |       |       |       |       |       |       |     1 |   468 ||   469
 Cast: Statue Form       |       |       |       |       |       |       |       |       |    36 ||    36
       Apportation       |       |       |       |       |       |       |       |       |     1 ||     1
Invok: Berserk           |     3 |     5 |     7 |    14 |     5 |     4 |     3 |     5 |     3 ||    49
       Trog's Hand       |       |       |     1 |     2 |       |     3 |       |     1 |     7 ||    14
       Brothers in Arms  |       |       |       |       |       |     1 |       |       |       ||     1
       Cleansing Flame   |       |       |       |       |       |       |       |       |    25 ||    25
       Divine Shield     |       |       |       |       |       |       |       |       |    24 ||    24
       Vitalisation      |       |       |       |       |       |       |       |       |    23 ||    23
       Recite            |       |       |       |       |       |       |       |       |     9 ||     9
       Summon Divine War |       |       |       |       |       |       |       |       |     7 ||     7
       Brand Weapon With |       |       |       |       |       |       |       |       |     1 ||     1
 Abil: End Transformatio |       |       |       |       |       |       |       |       |     4 ||     4
       Evoke Blink       |       |       |       |       |       |       |       |       |     1 ||     1
Evoke: Piece from Xom's  |       |       |       |     1 |       |       |       |       |       ||     1
       Wand              |       |       |       |     2 |    18 |     1 |    21 |     5 |    27 ||    74
       Phantom mirror    |       |       |       |       |       |       |     1 |       |     1 ||     2
       Condenser vane    |       |       |       |       |       |       |       |     1 |       ||     1
       Tin of tremorston |       |       |       |       |       |       |       |       |     7 ||     7
       Figurine of a zig |       |       |       |       |       |       |       |       |     1 ||     1
  Use: Scroll            |       |       |    18 |     9 |     7 |     2 |     3 |    11 |    64 ||   114
       Potion            |       |       |     1 |       |     2 |     2 |       |     6 |    50 ||    61
 Stab: Sleeping          |     3 |     1 |       |       |       |       |       |       |       ||     4
       Petrified         |       |       |       |     1 |       |       |       |       |       ||     1
       Distracted        |       |       |       |       |       |     3 |     1 |       |     3 ||     7
       Confused          |       |       |       |       |       |       |       |       |     5 ||     5
Armor: Animal skin       |    13 |     6 |       |       |       |       |       |       |       ||    19
       Ring mail         |       |    10 |       |       |       |       |       |       |       ||    10
       Scale mail        |       |    16 |   102 |   210 |       |       |       |       |       ||   328
       Troll leather arm |       |       |    51 |    63 |       |       |       |       |       ||   114
       Leather armour    |       |       |       |     3 |       |       |       |       |       ||     3
       Plate armour      |       |       |       |       |   342 |   895 |   515 |       |       ||  1752
       Chain mail        |       |       |       |       |       |       |    56 |   154 |       ||   210
       Gold dragon scale |       |       |       |       |       |       |       |   371 |  5732 ||  6103
       Skin              |       |       |       |       |       |       |       |       |   191 ||   191
Dodge: Dodged            |    34 |    79 |   161 |   331 |   262 |   781 |   430 |   406 |  4146 ||  6630
Block: Other             |       |       |       |       |       |       |       |       |   511 ||   511

Levels and vault maps discovered:
D:1:      ncdulo_watergridlock, layout_loops_ring, minmay_pentomino_w4
D:2:      layout_basic, ebering_ecumenical_altar_ruins, minmay_between
D:3:      minmay_chambers_of_twos, layout_basic, serial_shops,
          nicolae_shop_behind_doors, minmay_fractal_squares_5, uniq_grinder
D:4:      layout_basic, lemuel_doored_altar, gammafunk_temple_overflow_statue,
          minmay_circle_x
D:5:      layout_loops_cross, nemelex_dance_club_becter, grunt_ministairs_15,
          uniq_blork_the_orc
D:6:      kennysheep_windowed_halls, layout_rooms, kennysheep_mini,
          minmay_temple_entry_hall, st_stairs_3, uniq_prince_ribbit1
D:7:      layout_basic, serial_bayou_lagoon_a, minmay_puff
D:8:      layout_loops_ring, chei_slow_surprise, lemuel_tele_altar
D:9:      layout_roguey, uniq_erica
D:10:     minmay_bloctagon, layout_basic, erik_lair_dragon
D:11:     layout_grid_maze, portal_ice_cave_entry_ice_beasts,
          eino_small_chamber_without_monster, serial_bayou_pond_e, uniq_snorg,
          uniq_josephine
D:12:     layout_cross, lightli_fourway_metalbox
D:13:     layout_rooms, erik_vaults_2
D:14:     layout_loops_cross, minmay_misc_feat_ornament
D:15:     grunt_enter_depths_snipers, layout_loops_corners, nrook_campfire
Temple:   regret_index_temple_waves
Lair:1:   lemuel_ratsnest, layout_hall_layers, basic_altar,
          chequers_serial_rivers_micro_c, infiniplex_staircase_pool
Lair:2:   layout_layer_cave, nicolae_volcano_entry_s_turn,
          cheibrodos_lair_lostbears, grunt_megastairs_3, serial_bayou_shore_b
Lair:3:   layout_cellular_growth, spider_nest_entry_a, gauntlet_entry_generic,
          uniq_sonja
Lair:4:   layout_cave_shapes, palyth_hydra_swamp_entry, grunt_megastairs_4
Lair:5:   layout_loops_ring, nicolae_slime_entry_slimehenge, basic_altar,
          minmay_lair_oklob_items, serial_bayou_shore_a, uniq_nessos
Lair:6:   cheibrodos_lair_end_hotspot, layout_regular_city, serial_bayou_pond_b,
          ice2_lemuel
Swamp:1:  layout_basic_swamp, serial_swamp_ruin, evilmike_swamp_ruin_house_2,
          hangedman_swamp_ruin_wall, evilmike_swamp_ruin_wall, uniq_louise
Swamp:2:  layout_falls_marsh, evilmike_swamp_ruin_rubble_1, swamp_pool5
Swamp:3:  layout_falls_marsh, gammafunk_ghost_arena, evilmike_swamp_ruin_house_5
Swamp:4:  grunt_swamp_rune_castle, layout_basic_swamp
Spider:1: layout_spider_delve, ebering_ghost_disaster_area,
          nicolae_spider_jagged_tunnels
Spider:2: layout_spider_delve, nicolae_spider_spiderdrome
Spider:3: layout_chambers, nicolae_spider_undead_wolf_pack
Spider:4: floodkiller_spider_rune_tomb
Slime:1:  layout_caves
Slime:2:  layout_caves
Slime:3:  layout_caves
Slime:4:  layout_caves, nicolae_slime_barrier
Slime:5
Orc:1:    layout_diamond_mine, nicolae_orc_pool_cavern, mines3_lemuel
Orc:2:    st_orc_ogre_mass, layout_diamond_mine, nicolae_orc_rockfall, uniq_urug
Elf:1:    eino_elf_arrival_sip, layout_loops_corners,
          kennysheep_underground_church, nicolae_rare_books, minmay_shoptagon,
          uniq_kirke
Elf:2:    layout_geoelf_diagonals, grunt_ministairs_7, minmay_fountain_box
Elf:3:    elf_hall_gauntlet_wide, layout_loops_cross, minmay_the_grid_2x2
          [minmay_the_grid_mess, minmay_the_grid_odd_star, minmay_the_grid_fan,
          minmay_the_grid_prize_inner_circle]
Vaults:1: v_alt_pattern_4, vaults_room_large_hall,
          nicolae_vaults_network_periphery, nicolae_vaults_mini_display_case,
          v_rooms_4, vaults_room_semicircle, hangedman_vaults_pinch, v_misc_14,
          hangedman_vaults_corner_blocks, hangedman_vaults_capsules, v_misc_5,
          layout_vaults_omnigrid
Vaults:2: vaults_mumra_hexcomb, blue_anna_dwarven_crypt,
          nicolae_vaults_circle_grid_a, vaults_dpeg_ring, grunt_vaults_swirl,
          nicolae_vaults_little_ls, vaults_room_hallway, v_misc_23,
          hangedman_vaults_trim, v_misc_30, v_misc_5, serial_ice_h,
          ontoclasm_vaults_chip, v_misc_23, layout_vaults_ring, serial_shops,
          shop
Vaults:3: nicolae_vaults_ninety_degrees, grunt_tower_of_power,
          hangedman_vaults_slice, vaults_room_pools, vaults_room_corners,
          vaults_room_semicircle, layout_vaults_chaotic_city, serial_shops,
          nicolae_shop_crystal
Vaults:4: v_misc_27, vaults_room_octagon, nicolae_vaults_network_quincunx
          [nicolae_vaults_network_quincunx_subvault,
          nicolae_vaults_network_quincunx_subvault,
          nicolae_vaults_network_quincunx_subvault,
          nicolae_vaults_network_quincunx_subvault,
          nicolae_vaults_network_quincunx_subvault], hangedman_vaults_hat,
          nicolae_vaults_ring_of_whatevers, dpeg_vaults_monster_box,
          grunt_vaults_hallway_short, nicolae_vaults_yaktaur_gun_rack,
          hangedman_vaults_maws, layout_vaults_omnicross, serial_shops,
          bzr_entry_customers, nicolae_shop_crystal
Vaults:5: serial_shops
Crypt:1:  layout_chaotic_city, skrybe_necro_troll_1, grunt_megastairs_1,
          uniq_aizul, uniq_saint_roka, uniq_margery
Crypt:2:  layout_gridlike, minivault_5, serial_sigils_hangedman_clutch,
          lemuel_upstairs_altar, uniq_donald
Crypt:3:  church_of_pain_bobbens, layout_chaotic_city, hex_tiny
Tomb:1
Tomb:2
Tomb:3
Depths:1: layout_roguey, serial_bayou, serial_bayou_ford_a,
          serial_bayou_shore_b, serial_bayou_pond_a, serial_bayou_crossing,
          pan_entry, vehumet_crystals, hangedman_geh_valley,
          chequers_serial_rivers_small_b, nicolae_wu_jian_wuxing_cycle
Depths:2: gammafunk_depths_water_palace, layout_gridlike, enter_ziggurat_f,
          serial_shops, nicolae_shop_temple_entry_statues_fountains,
          nicolae_qazlal_scattered_showers, grunt_metal_band,
          ebering_ghost_disaster_area
Depths:3: hangedman_spin_cycle, pan_entry, hell_entry
Depths:4: wad_lake_hut, layout_cave_pools, serial_sigils,
          serial_sigils_hangedman_scratch, serial_sigils_hangedman_shear,
          serial_sigils_hangedman_confine, serial_sigils_hangedman_snap,
          serial_sigils_hangedman_quiver, serial_sigils_hangedman_shear,
          hell_entry, okawaru_trees_2, nicolae_abyss_entry_one_way_or_another
Depths:5: evilmike_zot_entry_hall, layout_cave_shapes, rand_demon_pan_entry_4,
          abyss_entry_crystal, hell_entry, good_gods_mini_temple
Hell
Dis:1:    layout_chaotic_city
Dis:2:    layout_subdivisions, hangedman_dis_decor_tower,
          grunt_dis_stairs_iron_hall
Dis:3:    layout_subdivisions, hangedman_dis_chains, hangedman_player_shredder
Dis:4:    layout_subdivisions, door_vault
Dis:5:    layout_subdivisions
Dis:6:    layout_regular_city
Dis:7:    iron_city_of_dis [dis_old, dis_wall_5], layout_chaotic_city
Geh:1:    layout_gehenna_pools_basic
Geh:2:    layout_gehenna_pools_triple, hangedman_elemental_grid_stream,
          lemuel_elevator
Geh:3:    layout_gehenna_lava_caves, gehenna_fire_generator,
          hangedman_elemental_grid_stream, lemuel_elevator
Geh:4:    layout_gehenna_lava_caves
Geh:5:    minmay_firetagon, layout_gehenna_pools_basic, lemuel_flamethrower_2
Geh:6:    layout_gehenna_lava_caves
Geh:7:    geh_grunt
Coc:1:    layout_cocytus_water_paths
Coc:2:    layout_cocytus_water_paths
Coc:4:    layout_cocytus_water_paths
Coc:5:    layout_cocytus_water_paths
Coc:6:    layout_cocytus_water_paths
Coc:7:    coc_dpeg
Tar:1:    layout_cathedral_of_symmetry
Tar:2:    layout_grid_maze, lemuel_nasty_fountain
Tar:3:    layout_honeycomb
Tar:4:    layout_catacombs, evilmike_ambush [evilmike_ambush_outer_basic,
          evilmike_ambush_inner_pond]
Tar:5:    layout_cathedral_of_symmetry
Tar:6:    layout_grid_maze
Tar:7:    tar_grunt_cathedral
Zot:1:    layout_concentric_octagons, grunt_megastairs_2
Zot:2:    layout_concentric_octagons, grunt_ministairs_14
Zot:3:    layout_cellular_growth
Zot:4:    layout_gridlike
Zot:5:    layout_gridlike, st_stairs_10

Notes
Turn   | Place    | Note
-------+----------+-------------------------------------------
     0 | D:1      | SJWr the Hill Orc Berserker began the quest for the Orb.
     0 | D:1      | Reached XP level 1. HP: 19/19 MP: 1/1
   109 | D:1      | Reached XP level 2. HP: 12/27 MP: 2/2
   608 | D:1      | Reached skill level 4 in Fighting
   884 | D:2      | Reached XP level 3. HP: 31/33 MP: 3/3
  1043 | D:2      | Reached skill level 5 in Axes
  1325 | D:2      | Reached XP level 4. HP: 40/40 MP: 4/4
  1358 | D:2      | Reached skill level 3 in Armour
  1909 | D:2      | Reached ** piety under Trog
  1912 | D:2      | Found a faded altar of an unknown god.
  2189 | D:3      | Reached skill level 6 in Axes
  2189 | D:3      | Reached XP level 5. HP: 47/47 MP: 5/5
  2523 | D:3      | Found Qagyebeg's Assorted Antiques.
  2740 | D:3      | Noticed Grinder
  2762 | D:3      | Killed Grinder
  2763 | D:3      | Reached skill level 5 in Fighting
  2763 | D:3      | Reached skill level 7 in Axes
  2763 | D:3      | Reached skill level 4 in Armour
  2763 | D:3      | Reached XP level 6. HP: 56/56 MP: 6/6
  3205 | D:3      | Reached XP level 7. HP: 61/61 MP: 7/7
  3515 | D:4      | Reached *** piety under Trog
  3521 | D:4      | Reached skill level 8 in Axes
  3598 | D:4      | Identified a scroll of acquirement
  3598 | D:4      | Acquired the +3 crown of Dyrovepreva {rElec Int+2 SInv}
  3599 | D:4      | Found the +3 crown of Dyrovepreva {rElec Int+2 SInv}
  3773 | D:4      | Reached skill level 6 in Fighting
  3925 | D:4      | Reached skill level 5 in Armour
  4088 | D:4      | Reached skill level 9 in Axes
  4088 | D:4      | Reached XP level 8. HP: 57/71 MP: 8/8
  4195 | D:4      | Found a stormy altar of Qazlal.
  4396 | D:4      | Found a shimmering blue altar of Sif Muna.
  4396 | D:4      | Found an ornate altar of the Wu Jian Council.
  4520 | D:5      | Entered Level 5 of the Dungeon
  4545 | D:5      | Noticed Blork the orc
  4570 | D:5      | Killed Blork the orc
  4787 | D:5      | Reached skill level 7 in Fighting
  4787 | D:5      | Reached skill level 10 in Axes
  4828 | D:5      | Reached skill level 6 in Armour
  4906 | D:5      | Noticed a troll
  4920 | D:5      | Killed a troll
  4921 | D:5      | Reached XP level 9. HP: 79/79 MP: 9/9
  5065 | D:5      | Reached skill level 11 in Axes
  5093 | D:5      | Reached **** piety under Trog
  5193 | D:5      | Found a sparkling altar of Nemelex Xobeh.
  5692 | D:6      | Found a staircase to the Ecumenical Temple.
  5709 | Temple   | Entered the Ecumenical Temple
  5849 | D:6      | Reached skill level 8 in Fighting
  5969 | D:6      | Reached skill level 7 in Armour
  5974 | D:6      | Noticed Prince Ribbit
  5996 | D:6      | Reached skill level 12 in Axes
  6164 | D:6      | Noticed a four-headed hydra
  6176 | D:6      | Killed a four-headed hydra
  6177 | D:6      | Reached skill level 9 in Fighting
  6177 | D:6      | Reached skill level 13 in Axes
  6177 | D:6      | Reached skill level 8 in Armour
  6177 | D:6      | Reached XP level 10. HP: 91/91 MP: 10/10
  6260 | D:6      | Killed Prince Ribbit
  6646 | D:6      | Found a radiant altar of Vehumet.
  7183 | D:7      | Identified the +5 mace "Vashidd" {flame, rPois Will- Int+7}
  7690 | D:8      | Noticed a four-headed hydra
  7696 | D:8      | Killed a four-headed hydra
  7697 | D:8      | Reached skill level 10 in Fighting
  7697 | D:8      | Reached skill level 14 in Axes
  7732 | D:8      | Found a burning altar of Makhleb.
  7796 | D:8      | Reached skill level 9 in Armour
  7935 | D:8      | Reached ***** piety under Trog
  8270 | D:8      | Received a gift from Trog
  8275 | D:8      | Found a snail-covered altar of Cheibriados.
  8645 | D:9      | Reached XP level 11. HP: 101/101 MP: 11/11
  8658 | D:9      | Noticed a two-headed ogre
  8664 | D:9      | Killed a two-headed ogre
  8665 | D:9      | Reached skill level 15 in Axes
  8870 | D:9      | Noticed Erica
  8882 | D:9      | Killed Erica
  8944 | D:9      | Paralysed by a hornet for 2 turns
  8944 | D:9      | Noticed a two-headed ogre
  8952 | D:9      | Killed a two-headed ogre
  8953 | D:9      | Reached skill level 11 in Fighting
  9185 | D:10     | Entered Level 10 of the Dungeon
  9192 | D:10     | Reached skill level 10 in Armour
  9276 | D:10     | Identified the +1 ring mail of Veghi {rElec rPois rN+
                  | Dex-5}
  9391 | D:10     | Noticed a deep elf pyromancer
  9393 | D:10     | Noticed a five-headed hydra
  9419 | D:10     | Reached skill level 16 in Axes
  9424 | D:10     | Killed a two-headed hydra
  9438 | D:10     | Killed a deep elf pyromancer
  9438 | D:10     | Noticed a catoblepas
  9447 | D:10     | Found a staircase to the Orcish Mines.
  9546 | D:10     | Noticed a purple ugly thing
  9553 | D:10     | Noticed a two-headed ogre
  9561 | D:10     | Killed a purple ugly thing
  9564 | D:10     | Killed a two-headed ogre
  9565 | D:10     | Reached skill level 12 in Fighting
  9565 | D:10     | Reached skill level 11 in Armour
  9581 | D:10     | Reached XP level 12. HP: 101/112 MP: 12/12
  9732 | D:10     | Killed a catoblepas
 10103 | D:10     | Found a staircase to the Lair.
 10104 | D:10     | Noticed a two-headed ogre
 10112 | D:10     | Killed a two-headed ogre
 10113 | D:10     | Reached skill level 13 in Fighting
 10359 | Lair:1   | Entered Level 1 of the Lair of Beasts
 10359 | Lair:1   | Noticed a four-headed hydra
 10372 | Lair:1   | Killed a four-headed hydra
 10373 | Lair:1   | Reached skill level 12 in Armour
 11010 | Lair:1   | Received a gift from Trog
 11203 | Lair:1   | Found a hazy altar of Hepliaklqana.
 11334 | Lair:2   | Reached skill level 14 in Fighting
 11370 | Lair:2   | Found a dark tunnel.
 11400 | Volcano  | Entered a volcano
 11569 | Volcano  | Found a bloodstained altar of Trog.
 11582 | Volcano  | Reached skill level 13 in Armour
 11714 | Volcano  | Reached XP level 13. HP: 115/125 MP: 13/13
 11784 | Lair:2   | Identified 2 potions of resistance
 12760 | Lair:3   | Found a hole to the Spider Nest.
 12814 | Lair:3   | Reached skill level 15 in Fighting
 12846 | Lair:3   | Found a gate leading to a gauntlet.
 12866 | Gauntlet | Entered a Gauntlet
 12866 | Gauntlet | Found a transporter.
 12867 | Gauntlet | Upgraded the game from 0.27-a0-1137-g3ef0f4ec91 to
                  | 0.27-a0-1139-g28e009f8a6
 12877 | Gauntlet | Found a transporter.
 12879 | Gauntlet | Found a transporter.
 12881 | Gauntlet | Found a transporter.
 12896 | Gauntlet | Found a transporter.
 12912 | Gauntlet | Found a transporter.
 12920 | Gauntlet | Found a transporter.
 12924 | Gauntlet | Noticed a green death
 12946 | Gauntlet | Found a transporter.
 12955 | Gauntlet | Found a transporter.
 12967 | Gauntlet | Found a transporter.
 12970 | Gauntlet | Noticed an entropy weaver
 12987 | Gauntlet | Found a transporter.
 12992 | Gauntlet | Found a transporter.
 13007 | Gauntlet | Noticed a green death
 13015 | Gauntlet | Found a transporter.
 13022 | Gauntlet | Found a transporter.
 13022 | Gauntlet | Found a transporter.
 13041 | Gauntlet | Found a transporter.
 13046 | Gauntlet | Found a transporter.
 13096 | Gauntlet | Found a transporter.
 13166 | Gauntlet | Identified the ring of Nearalaiz {Ice +Blink Dex+2}
 13276 | Gauntlet | Identified the +1 cloak of Hiepsu {Dex+4 Slay+2}
 13287 | Gauntlet | Identified the +0 helmet "Wecofoych" {rCorr Str+3 Stlth+}
 13303 | Gauntlet | Identified the ring of Uwaq Hon {rCorr Str+2 Int+6}
 13303 | Gauntlet | Noticed a minotaur
 13312 | Gauntlet | Killed a minotaur
 13313 | Gauntlet | Reached skill level 14 in Armour
 13345 | Lair:3   | Reached skill level 17 in Axes
 13676 | Lair:3   | Noticed Sonja
 13679 | Lair:3   | Noticed Sonja
 13679 | Lair:3   | Sonja changed into Sonja the hornet
 13684 | Lair:3   | Killed Sonja the hornet
 14310 | Lair:4   | Received a gift from Trog
 14322 | Lair:4   | Found a staircase to the Swamp.
 14992 | Lair:4   | Reached XP level 14. HP: 126/136 MP: 14/14
 15305 | Lair:5   | Reached skill level 16 in Fighting
 15327 | Lair:5   | Found a blossoming altar of Fedhas.
 15397 | Lair:5   | Identified the amulet of Icaowk {Spirit +Blink rElec Int-3
                  | Stlth+}
 15618 | Lair:5   | Noticed Nessos
 15653 | Lair:5   | Killed Nessos
 15654 | Lair:5   | Reached skill level 18 in Axes
 15727 | Lair:5   | Found a staircase to the Slime Pits.
 15750 | Lair:5   | Reached skill level 15 in Armour
 16100 | Lair:6   | Entered Level 6 of the Lair of Beasts
 16566 | Lair:6   | Reached ****** piety under Trog
 16566 | Lair:6   | Received a gift from Trog
 17042 | Lair:6   | Reached skill level 19 in Axes
 17061 | Lair:6   | Found a large runed translucent door.
 17061 | Lair:6   | Found a large runed translucent door.
 17108 | Lair:6   | Identified the +1 robe of the Gastropod {rCorr Dex+3}
 17429 | Lair:1   | Identified a potion of experience
 17430 | Lair:1   | Reached skill level 5 in Evocations
 17430 | Lair:1   | Reached XP level 15. HP: 146/146 MP: 15/15
 17731 | D:11     | Noticed Josephine
 17738 | D:11     | Killed Josephine
 17739 | D:11     | Reached XP level 16. HP: 154/154 MP: 16/16
 17934 | D:11     | Found a frozen archway.
 17954 | IceCv    | Entered an ice cave
 17961 | IceCv    | Reached skill level 17 in Fighting
 19005 | D:11     | Noticed Snorg
 19014 | D:11     | Killed Snorg
 19582 | D:12     | Identified the +7 battleaxe of the Lost Thickets
                  | {antimagic, Fly Will++ Dex+5} (Trog gifted it to you on
                  | level 12 of the Dungeon)
 19582 | D:12     | Received a gift from Trog
 19789 | D:12     | Reached skill level 20 in Axes
 19809 | D:12     | Found the +8 glaive of the Guard {elec, spectral, AC+5}
 19886 | D:12     | You are sucked into a shaft and drop 3 floors!
 19886 | D:15     | Entered Level 15 of the Dungeon
 20029 | D:14     | Reached skill level 16 in Armour
 20494 | Orc:1    | Entered Level 1 of the Orcish Mines
 21026 | Orc:2    | Entered Level 2 of the Orcish Mines
 21135 | Orc:2    | Received a gift from Trog
 21259 | Orc:2    | Found Joidul's Jewellery Shop.
 21259 | Orc:2    | Found Jefut's Antique Weapon Emporium.
 21261 | Orc:2    | Found Ukoz's Antique Armour Shoppe.
 21261 | Orc:2    | Found Nogeabby's Magic Scroll Shop.
 21265 | Orc:2    | Reached skill level 21 in Axes
 21359 | Orc:2    | Reached skill level 18 in Fighting
 21359 | Orc:2    | Reached XP level 17. HP: 163/163 MP: 5/17
 21507 | Orc:2    | Noticed Urug
 21518 | Orc:2    | Killed Urug
 21520 | Orc:2    | Found a staircase to the Elven Halls.
 21588 | Orc:2    | Bought a scroll of blinking for 105 gold pieces
 22044 | Orc:2    | Bought a bloodstained scale mail for 270 gold pieces
 22044 | Orc:2    | Identified the +0 scale mail of Free Expression {Str-4
                  | Int+5 Slay+5} (You bought it in a shop on level 2 of the
                  | Orcish Mines)
 22044 | Orc:2    | Bought a pair of faintly glowing gloves for 285 gold pieces
 22044 | Orc:2    | Identified the -3 pair of gloves of Lelink {rF+ rN+ Int+3
                  | Dex+2} (You bought it in a shop on level 2 of the Orcish
                  | Mines)
 22733 | D:13     | Found a gate to the Vaults.
 23622 | D:15     | Found a staircase to the Depths.
 24474 | Spider:1 | Entered Level 1 of the Spider Nest
 24487 | Spider:1 | Reached skill level 17 in Armour
 24498 | Spider:1 | Reached skill level 22 in Axes
 24661 | Spider:1 | Found a large runed translucent door.
 24661 | Spider:1 | Found a large runed translucent door.
 24663 | Spider:1 | Noticed ClownBaby's ghost (adept MfGl)
 24764 | Spider:1 | Identified the +3 scale mail of Boutahym {Rampage rC-
                  | Will++ Int+2}
 24786 | Spider:1 | Identified the ring "Deozxall" {*Corrode Will+ Str+3 Int+6}
 24941 | Spider:1 | Received a gift from Trog
 25114 | Spider:1 | Killed ClownBaby's ghost
 25327 | Spider:2 | You are sucked into a shaft and drop 1 floor!
 26499 | Spider:3 | Received a gift from Trog
 26500 | Spider:3 | Reached XP level 18. HP: 149/174 MP: 6/18
 26867 | Spider:3 | Reached skill level 19 in Fighting
 26889 | Spider:3 | Reached skill level 23 in Axes
 27106 | Spider:4 | Entered Level 4 of the Spider Nest
 27689 | Spider:4 | Identified the +10 battleaxe of Pantheism {vorpal, *Rage
                  | rC+ Str+4} (Trog gifted it to you on level 4 of the Spider
                  | Nest)
 27689 | Spider:4 | Received a gift from Trog
 28052 | Spider:4 | Reached skill level 18 in Armour
 28408 | Spider:4 | Reached skill level 24 in Axes
 28508 | Spider:4 | Got a gossamer rune of Zot
 28723 | Swamp:1  | Entered Level 1 of the Swamp
 28947 | Swamp:1  | Identified the +1 robe of the End {Rampage +Blink +Inv
                  | Str-5}
 29039 | Swamp:1  | Noticed Louise
 29055 | Swamp:1  | Killed Louise
 29493 | Swamp:2  | Reached XP level 19. HP: 179/184 MP: 6/19
 29539 | Swamp:2  | Received a gift from Trog
 29986 | Swamp:3  | Noticed a tentacled monstrosity
 29988 | Swamp:3  | Found a transporter.
 29989 | Swamp:3  | Noticed Jacimip's ghost (journeyman HaHu)
 29990 | Swamp:3  | Noticed a tentacled monstrosity
 30003 | Swamp:3  | Reached skill level 20 in Fighting
 30271 | Swamp:3  | Found a transporter.
 30593 | Swamp:4  | Entered Level 4 of the Swamp
 30626 | Swamp:4  | Reached skill level 25 in Axes
 31013 | Swamp:4  | Reached skill level 19 in Armour
 31128 | Swamp:4  | Noticed the 27-headed Lernaean hydra
 31130 | Swamp:4  | Killed the 27-headed Lernaean hydra
 31142 | Swamp:4  | Got a decaying rune of Zot
 31228 | Swamp:4  | Received a gift from Trog
 31620 | Lair:1   | Upgraded the game from 0.27-a0-1139-g28e009f8a6 to
                  | 0.27-a0-1140-g099f9bb0e8
 31762 | Vaults:1 | Entered Level 1 of the Vaults
 31795 | Vaults:1 | Reached XP level 20. HP: 195/195 MP: 20/20
 32139 | Vaults:1 | Reached skill level 26 in Axes
 32341 | Vaults:1 | Reached skill level 1 in Throwing
 32386 | Vaults:1 | Reached skill level 2 in Throwing
 32402 | Vaults:1 | Reached skill level 21 in Fighting
 32566 | Vaults:1 | Reached skill level 3 in Throwing
 32575 | Vaults:1 | Identified the +1 chain mail of Wousor {Int+3}
 32845 | Vaults:1 | You fall into a shaft and drop 1 floor!
 32862 | Vaults:2 | Reached skill level 4 in Throwing
 32917 | Vaults:2 | Received a gift from Trog
 33512 | Vaults:2 | Reached skill level 5 in Throwing
 33655 | Vaults:2 | Found Anywun's Antique Weapon Shoppe.
 33918 | Vaults:2 | Identified the +3 executioner's axe "Umued" {flame, rElec
                  | rC+ SInv} (Trog gifted it to you on level 2 of the Vaults)
 33918 | Vaults:2 | Received a gift from Trog
 33937 | Vaults:1 | Reached skill level 20 in Armour
 34196 | Vaults:1 | You fall into a shaft and drop 1 floor!
 34747 | Vaults:2 | Found a staircase to the Crypt.
 34966 | Vaults:3 | Reached skill level 6 in Throwing
 34970 | Vaults:3 | Reached XP level 21. HP: 206/206 MP: 21/21
 35171 | Vaults:3 | Received a gift from Trog
 35250 | Vaults:3 | Reached skill level 22 in Fighting
 35428 | Vaults:3 | Identified a +1 robe of the Archmagi
 35437 | Vaults:3 | Found a radiant altar of Vehumet.
 35444 | Vaults:3 | Reached skill level 7 in Throwing
 35449 | Vaults:3 | Identified a +1 robe of the Archmagi
 35460 | Vaults:3 | Found the +3 hat of Pondering {ponderous, Will+ MP+10
                  | Int+5}
 35461 | Vaults:3 | Found the +3 robe of Clouds {+Thunder rCloud rElec}
 35638 | Vaults:3 | Found Rewepraolo's Magic Scroll Boutique.
 35646 | Vaults:3 | Bought a scroll of brand weapon for 240 gold pieces
 35646 | Vaults:3 | Bought a scroll of enchant weapon for 90 gold pieces
 35687 | Vaults:3 | Paralysed by a great orb of eyes for 7 turns
 36307 | Vaults:4 | Found a flickering gateway to a bazaar.
 36318 | Bazaar   | Entered a bazaar
 36339 | Bazaar   | Found Minus's Armour Boutique.
 36352 | Bazaar   | Found Poehunau's Antique Armour Shop.
 36366 | Bazaar   | Found Wulohucs's General Store.
 36380 | Bazaar   | Found Kypit Vist's Distillery.
 36394 | Bazaar   | Found Mufirch's General Store.
 36408 | Bazaar   | Found Vagrihoh's Book Shop.
 36467 | Bazaar   | Bought a potion of heal wounds for 90 gold pieces
 36467 | Bazaar   | Bought a potion of heal wounds for 90 gold pieces
 36481 | Bazaar   | Bought a scroll of enchant armour for 97 gold pieces
 36495 | Bazaar   | Bought a pair of embroidered gloves for 157 gold pieces
 36495 | Bazaar   | Bought a transparent chain mail for 199 gold pieces
 36495 | Bazaar   | Identified the +10 chain mail of Wu Jian's Indignation
                  | {rC+} (You bought it in a shop in a bazaar)
 36787 | Vaults:4 | Identified the +11 battleaxe of Change {vorpal, rElec
                  | Str+3} (Trog gifted it to you on level 4 of the Vaults)
 36787 | Vaults:4 | Received a gift from Trog
 36886 | Vaults:4 | Reached skill level 8 in Throwing
 37190 | Vaults:4 | Found Regam's Magic Scroll Boutique.
 37497 | Vaults:4 | Reached skill level 21 in Armour
 37943 | Depths:1 | Entered Level 1 of the Depths
 38039 | Depths:1 | Received a gift from Trog
 38040 | Depths:1 | Reached skill level 9 in Throwing
 38201 | Depths:1 | Reached XP level 22. HP: 185/217 MP: 22/22
 38275 | Depths:1 | Found an ornate altar of the Wu Jian Council.
 38501 | Depths:1 | Found a radiant altar of Vehumet.
 38613 | Depths:1 | Found a one-way gate leading to the halls of Pandemonium.
 38663 | Depths:1 | Found a gateway to Hell.
 38822 | Depths:2 | Found a large runed translucent door.
 38823 | Depths:2 | Found a large runed translucent door.
 38882 | Depths:2 | Noticed Lutyo's ghost (adept HaHu)
 38892 | Depths:2 | Killed Lutyo's ghost
 39097 | Depths:2 | Reached skill level 23 in Fighting
 39391 | Depths:2 | Noticed a golden dragon
 39589 | Depths:2 | Reached skill level 10 in Throwing
 39701 | Depths:2 | Noticed a golden dragon
 39708 | Depths:2 | Killed a golden dragon
 39762 | Depths:2 | Received a gift from Trog
 39892 | Depths:2 | Noticed a golden dragon
 39893 | Depths:2 | Noticed a juggernaut
 39893 | Depths:2 | Noticed a caustic shrike
 39894 | Depths:2 | Noticed a golden dragon
 39894 | Depths:2 | Noticed a juggernaut
 39904 | Depths:2 | Killed a caustic shrike
 39906 | Depths:2 | Killed a juggernaut
 39908 | Depths:2 | Killed a juggernaut
 39909 | Depths:2 | Killed a golden dragon
 39921 | Depths:2 | HP: 32/330 [golden dragon (13)]
 39927 | Depths:2 | HP: 27/330 [fire giant/bolt of fire (4)]
 39928 | Depths:2 | Killed a golden dragon
 39983 | Depths:2 | HP: 28/331 [spark wasp (15)]
 39984 | Depths:2 | Reached skill level 11 in Throwing
 40132 | Depths:2 | Noticed a juggernaut
 40157 | Depths:2 | Killed a juggernaut
 40158 | Depths:2 | Reached skill level 22 in Armour
 40168 | Depths:2 | Found the +5 sword of Power {vorpal}
 40169 | Depths:2 | Noticed a golden dragon
 40181 | Depths:2 | Killed a golden dragon
 40182 | Depths:2 | Reached XP level 23. HP: 211/228 MP: 23/23
 40399 | Depths:2 | Identified the +0 pair of boots "Onidwifaom" {Dex+3}
 40447 | Depths:2 | Found a gateway to a ziggurat.
 40695 | Depths:2 | Found a stormy altar of Qazlal.
 40824 | Depths:2 | Found Ecvepa's Jewellery Emporium.
 40993 | Depths:3 | Reached skill level 24 in Fighting
 41089 | Depths:3 | Found Zaymoaq's Distillery.
 41128 | Depths:3 | You fall into a shaft and drop 2 floors!
 41128 | Depths:5 | Entered Level 5 of the Depths
 41147 | Depths:5 | Received a gift from Trog
 41176 | Depths:5 | Found a one-way gate to the infinite horrors of the Abyss.
 41247 | Depths:4 | Reached skill level 12 in Throwing
 41407 | Depths:3 | Identified the ring "Nummymm" {rC+ rCorr Int+2}
 41505 | Depths:3 | Found a transporter.
 41505 | Depths:3 | Noticed Sojobo
 41522 | Depths:3 | Killed Sojobo
 41524 | Depths:3 | Paralysed by a floating eye for 3 turns
 41560 | Depths:3 | Identified the ring of the Lobster {Fire rCorr}
 41638 | Depths:3 | Received a gift from Trog
 41671 | Depths:3 | Reached skill level 23 in Armour
 41764 | Depths:3 | Identified the ring of the Four Ships {Ice Str+2 Int+9
                  | Slay+3 Stlth-}
 41879 | Depths:3 | Noticed a golden dragon
 41882 | Depths:3 | Killed a golden dragon
 41941 | Depths:3 | Reached skill level 25 in Fighting
 41941 | Depths:3 | Reached XP level 24. HP: 242/242 MP: 23/23
 42214 | Depths:3 | Found Xyiril's Antique Weapon Shop.
 42487 | Depths:4 | Found an iron altar of Okawaru.
 43722 | Depths:5 | Identified the +3 leather armour of Paranoia {rPois rF-
                  | rN++ rCorr}
 44124 | Depths:5 | Found a gate to the Realm of Zot.
 44187 | Depths:5 | Found a glowing silver altar of Zin.
 44187 | Depths:5 | Found a white marble altar of Elyvilon.
 44187 | Depths:5 | Found a glowing golden altar of the Shining One.
 44456 | Depths:5 | Reached skill level 24 in Armour
 44642 | Depths:5 | Received a gift from Trog
 45340 | Vaults:5 | Entered Level 5 of the Vaults
 45348 | Vaults:5 | Reached skill level 26 in Fighting
 45533 | Vaults:5 | Reached XP level 25. HP: 209/254 MP: 23/23
 45545 | Vaults:5 | Identified the +8 triple sword of the Mouth {vorpal, +Rage
                  | rN+ Will+} (Trog gifted it to you on level 5 of the Vaults)
 45545 | Vaults:5 | Received a gift from Trog
 45758 | Vaults:5 | Identified the +10 rapier "Beast's Foe" {vamp, +Rage rF+++
                  | Str+5 Dex-3}
 45781 | Vaults:5 | Got a silver rune of Zot
 45969 | Vaults:5 | Reached skill level 25 in Armour
 46105 | Vaults:5 | Paralysed by a floating eye for 3 turns
 46106 | Vaults:5 | Reached skill level 27 in Fighting
 46242 | Vaults:5 | Found Pashrak's Distillery.
 46244 | Vaults:5 | Identified the +1 leather armour of Etannon {Str+2 Int+3
                  | Dex+3}
 46248 | Vaults:5 | Identified the +0 leather armour of the Forest {rC+ Int+7}
 46250 | Vaults:5 | Bought a potion of heal wounds for 65 gold pieces
 46250 | Vaults:5 | Bought 2 potions of heal wounds for 130 gold pieces
 46250 | Vaults:5 | Bought a potion of heal wounds for 65 gold pieces
 46250 | Vaults:5 | Bought a potion of heal wounds for 65 gold pieces
 46551 | Vaults:5 | Identified the +1 triple crossbow of Omouhaach {elec, rPois
                  | rC++}
 46560 | Vaults:5 | Received a gift from Trog
 46683 | Vaults:5 | Identified the +0 ring mail of Quantum Leap {Harm rC+ rN++}
 46689 | Vaults:5 | Identified the +2 morningstar "Rifriu" {vorpal, rC- Str+2
                  | Dex+3}
 47203 | Depths:1 | Identified the +7 flail "Dragonbane" {speed, rF- rC++ Str+4
                  | Dex+4}
 47296 | Depths:3 | Bought a bloodstained whip for 262 gold pieces
 47296 | Depths:3 | Identified the +6 whip of Pain and Death {vorpal, rF+ Str-3
                  | Int+4} (You bought it in a shop on level 3 of the Depths)
 47778 | Elf:1    | Entered Level 1 of the Elven Halls
 47845 | Elf:1    | Noticed Kirke
 47846 | Elf:1    | Found Vazaar's Jewellery Emporium.
 47846 | Elf:1    | Found Xienn's General Store.
 47849 | Elf:1    | Killed Kirke
 47876 | Elf:1    | Bought a scroll of enchant armour for 142 gold pieces
 47876 | Elf:1    | Bought a scroll of enchant armour for 142 gold pieces
 47959 | Elf:1    | Found Qetitwut's One-of-a-Kind Books.
 48338 | Elf:1    | Reached skill level 26 in Armour
 48882 | Elf:2    | Identified the +3 great sword of Massacring {flame, Str+5
                  | Int-2} (Trog gifted it to you on level 2 of the Elven
                  | Halls)
 48882 | Elf:2    | Received a gift from Trog
 49095 | Elf:2    | Found a runed translucent gate.
 49095 | Elf:2    | Found a runed translucent gate.
 49098 | Elf:2    | Found a runed translucent gate.
 49413 | Elf:2    | Reached XP level 26. HP: 215/266 MP: 23/23
 49500 | Elf:2    | Received a gift from Trog
 49827 | Elf:3    | Entered Level 3 of the Elven Halls
 49870 | Elf:3    | Identified the +9 morningstar "Wunif" {protect, +Blink rC+
                  | Int-3}
 49878 | Elf:3    | Reached skill level 27 in Armour
 49879 | Elf:3    | Reached skill level 2 in Invocations
 49887 | Elf:3    | Reached skill level 3 in Invocations
 49887 | Elf:3    | Received a gift from Trog
 49901 | Elf:3    | Reached skill level 4 in Invocations
 49920 | Elf:3    | Reached skill level 5 in Invocations
 50134 | Elf:3    | Reached skill level 6 in Invocations
 50259 | Elf:3    | Reached skill level 7 in Invocations
 50405 | Elf:3    | Reached skill level 6 in Evocations
 50719 | Elf:3    | Identified the +11 plate armour of the Gate {rElec Will+}
 51045 | Elf:3    | Identified the amulet "Nebrozxa" {Acrobat rElec Str+5}
 51095 | Elf:3    | Identified the +5 falchion of Demonkind {venom, Int+4}
 51112 | Elf:3    | Reached skill level 8 in Invocations
 51154 | Elf:3    | Reached skill level 7 in Evocations
 51161 | Elf:3    | Received a gift from Trog
 51398 | Elf:3    | Identified the amulet of Mishaups {Faith rF++ Dex-5 Slay+3}
 51454 | Elf:3    | Upgraded the game from 0.27-a0-1140-g099f9bb0e8 to
                  | 0.27-a0-1144-g0b7d3b79db
 51460 | Elf:3    | Identified the +0 hat "Zemp" {Fly rN+ SInv}
 51461 | Elf:3    | Identified Wourchokk's Arcane Secrets of Wizardry
 51462 | Elf:3    | Identified the +3 buckler "Taickat" {rPois rF+ rN+}
 51468 | Elf:3    | Identified the +8 trident "Gyucue" {vorpal, Drain rF+
                  | Stlth+}
 51472 | Elf:3    | Identified the +4 ring mail "Karyet" {Drain rElec Will+++
                  | Int-2}
 51477 | Elf:3    | Identified the ring "Ituin" {Fire MP-9 Str+4 Int+6 Dex+4}
 51685 | Elf:3    | Identified the +8 great sword "Amergheram" {antimagic,
                  | rElec rCorr Int+5 Dex-3}
 51755 | Elf:3    | Reached skill level 8 in Evocations
 52930 | Temple   | Fell from the grace of Trog
 52930 | Temple   | Became a worshipper of the Shining One
 53231 | Crypt:1  | Entered Level 1 of the Crypt
 53231 | Crypt:1  | Noticed Saint Roka
 53241 | Crypt:1  | Reached skill level 9 in Invocations
 53244 | Crypt:1  | Killed Saint Roka
 53252 | Crypt:1  | Reached * piety under the Shining One
 53333 | Crypt:1  | Reached skill level 9 in Evocations
 53336 | Crypt:1  | Reached ** piety under the Shining One
 53378 | Crypt:1  | Noticed Aizul
 53382 | Crypt:1  | Killed Aizul
 53408 | Crypt:1  | Noticed Margery
 53416 | Crypt:1  | Reached skill level 10 in Invocations
 53420 | Crypt:1  | Killed Margery
 53432 | Crypt:1  | Reached *** piety under the Shining One
 53534 | Crypt:1  | Reached skill level 10 in Evocations
 53744 | Crypt:1  | Reached **** piety under the Shining One
 53893 | Crypt:1  | Noticed a curse skull
 53897 | Crypt:1  | Killed a curse skull
 54144 | Crypt:1  | Noticed a curse skull
 54161 | Crypt:1  | Killed a curse skull
 54245 | Crypt:2  | Reached ***** piety under the Shining One
 54253 | Crypt:2  | Reached skill level 11 in Invocations
 54313 | Crypt:2  | Noticed a curse skull
 54324 | Crypt:2  | Killed a curse skull
 54474 | Crypt:2  | Reached skill level 11 in Evocations
 54474 | Crypt:2  | Reached XP level 27. HP: 260/273 MP: 31/31
 54921 | Crypt:3  | Entered Level 3 of the Crypt
 54945 | Crypt:2  | Found a basalt altar of Yredelemnul.
 54964 | Crypt:3  | Found a staircase to the Tomb.
 54984 | Crypt:3  | Noticed a curse skull
 54989 | Crypt:3  | Killed a curse skull
 55057 | Crypt:3  | Reached ****** piety under the Shining One
 55059 | Crypt:3  | Identified a +8 executioner's axe of holy wrath (a +6
                  | antimagic executioner's axe blessed by the Shining One)
 55059 | Crypt:3  | Received a gift from the Shining One
 55544 | Crypt:3  | Reached skill level 12 in Invocations
 55544 | Crypt:3  | Reached skill level 12 in Evocations
 55570 | Crypt:3  | Found an ancient bone altar of Kikubaaqudgha.
 55646 | Crypt:3  | Identified the Catalogue of Black Rites
 55705 | Crypt:3  | Reached skill level 13 in Evocations
 55802 | Crypt:3  | Identified the ring "Cusorol" {rN+ Dex+2 Slay+2}
 55802 | Crypt:3  | Identified the ring of Hadwel {rF+ rN+ Str-5 Slay+3 SInv}
 55840 | Crypt:3  | Noticed a curse skull
 55847 | Crypt:3  | Killed a curse skull
 55904 | Crypt:3  | Identified the +7 war axe "Inam" {speed, Contam Fly rC-
                  | Int+8}
 56594 | Depths:5 | Paralysed by Trog for 2 turns
 56633 | Depths:5 | Fell from the grace of the Shining One
 56633 | Depths:5 | Became a worshipper of Zin the Law-Giver
 56633 | Depths:5 | Reached * piety under Zin
 56633 | Depths:5 | Reached ** piety under Zin
 56633 | Depths:5 | Reached *** piety under Zin
 56633 | Depths:5 | Reached **** piety under Zin
 56633 | Depths:5 | Reached ***** piety under Zin
 56722 | Depths:5 | Voluntarily entered the Abyss.
 57079 | Abyss:1  | Reached skill level 14 in Evocations
 57493 | Abyss:2  | Reached ****** piety under Zin
 57657 | Abyss:2  | Reached skill level 15 in Evocations
 58262 | Abyss:3  | Noticed a dread lich
 58272 | Abyss:3  | Killed a dread lich
 58403 | Abyss:3  | Reached skill level 16 in Evocations
 58662 | Abyss:4  | Noticed an ancient lich
 58667 | Abyss:4  | Killed an ancient lich
 58875 | Abyss:4  | Reached skill level 17 in Evocations
 58882 | Abyss:4  | Noticed an ancient lich
 58887 | Abyss:4  | Killed an ancient lich
 59280 | Abyss:4  | Reached skill level 18 in Evocations
 59290 | Abyss:5  | Entered Level 5 of the Abyss
 59598 | Abyss:5  | Got an abyssal rune of Zot
 59699 | Abyss:5  | Reached skill level 19 in Evocations
 59701 | Depths:5 | You pass through the gate.
 59701 | Depths:5 | Escaped the Abyss
 60228 | Slime:1  | Entered Level 1 of the Pits of Slime
 60368 | Slime:5  | Entered Level 5 of the Pits of Slime
 60408 | Slime:5  | Noticed the Royal Jelly
 60459 | Slime:5  | Reached skill level 20 in Evocations
 60473 | Slime:5  | Found a viscous altar of Jiyva.
 60626 | Slime:5  | Killed the Royal Jelly
 60638 | Slime:5  | Got a slimy rune of Zot
 60650 | Slime:5  | Identified Sif Muna's Papyrus of Gliding Stolen Souls
 60679 | Slime:5  | Identified the +7 great mace of Valour {vorpal, *Slow +Rage
                  | Stlth+}
 60702 | Slime:5  | Identified the +6 lajatang of Onokehem {venom, *Slow Will+
                  | Int+7 Dex+3}
 60718 | Slime:5  | Identified the Tome of Execration and Conjuration
 60743 | Slime:5  | Identified the amulet "Loneabid" {Acrobat rC+ SInv}
 60821 | Slime:3  | Paralysed by a great orb of eyes for 3 turns
 61315 | Pan      | Entered Pandemonium
 61558 | Pan      | Reached skill level 21 in Evocations
 61779 | Pan      | Identified the +4 chain mail "Isoqe" {Will++ Int+2 Dex+2}
 62258 | Pan      | Noticed Pasijuyh the pandemonium lord
 62534 | Pan      | Killed Pasijuyh the pandemonium lord
 62674 | Pan      | HP: 27/273 [deep troll[the rage of Trog] (19)]
 62884 | Pan      | Reached skill level 22 in Evocations
 62890 | Pan      | Got a demonic rune of Zot
 63101 | Pan      | Was forgiven by Trog
 63221 | Pan      | Entered the realm of Gloorx Vloq.
 63612 | Pan      | Noticed a curse skull
 63619 | Pan      | Killed a curse skull
 64080 | Pan      | Noticed a curse skull
 64091 | Pan      | Killed a curse skull
 64098 | Pan      | Noticed Gloorx Vloq
 64104 | Pan      | Reached skill level 23 in Evocations
 64118 | Pan      | Killed Gloorx Vloq
 64299 | Pan      | Got a dark rune of Zot
 64533 | Pan      | Acquired 465 gold pieces
 64750 | Pan      | Noticed Quunof the pandemonium lord
 64762 | Pan      | Killed Quunof the pandemonium lord
 64811 | Pan      | Found an exit through the horrors of the Abyss.
 65500 | Pan      | Found a huge runed translucent gate.
 65501 | Pan      | Found a huge runed translucent gate.
 65502 | Pan      | Found a huge runed translucent gate.
 65502 | Pan      | Found a huge runed translucent gate.
 65502 | Pan      | Found a huge runed translucent gate.
 65502 | Pan      | Found a huge runed translucent gate.
 65504 | Pan      | Found a huge runed translucent gate.
 65529 | Pan      | Noticed Baonigog the pandemonium lord
 65542 | Pan      | Killed Baonigog the pandemonium lord
 65543 | Pan      | Reached skill level 24 in Evocations
 66268 | Pan      | Noticed Niop the pandemonium lord
 66293 | Pan      | Killed Niop the pandemonium lord
 66315 | Pan      | HP: 22/273 [smoke demon/divine providence (11)]
 66322 | Pan      | HP: 10/273 [smoke demon/divine providence (15)]
 67036 | Pan      | Upgraded the game from 0.27-a0-1144-g0b7d3b79db to
                  | 0.27-a0-1147-gb3d8e82157
 67276 | Pan      | Reached skill level 25 in Evocations
 67610 | Pan      | Reached skill level 1 in Spellcasting
 67759 | Pan      | Found a transporter.
 67779 | Pan      | Found a transporter.
 67783 | Pan      | Identified the +5 trident of Digicoco {vorpal, rF+ Str+4
                  | Int+4}
 68378 | Pan      | Reached skill level 2 in Spellcasting
 68412 | Pan      | Reached skill level 3 in Spellcasting
 68486 | Pan      | Identified Tucaa's Compendium of Freezing Weightlessness
 68509 | Pan      | Identified the ring of Joixzoe {Str+6 Stlth+}
 68512 | Pan      | Identified the +2 pair of gloves of Judepysk {+Blink rC-
                  | rCorr Int+4}
 68802 | Pan      | Found an exit through the horrors of the Abyss.
 68879 | Pan      | Noticed Mydaitzo the pandemonium lord
 68889 | Pan      | Killed Mydaitzo the pandemonium lord
 68890 | Pan      | Reached skill level 4 in Spellcasting
 69233 | Pan      | Reached skill level 26 in Evocations
 69811 | Pan      | Reached skill level 5 in Spellcasting
 69947 | Depths:1 | You pass through the gate.
 69947 | Depths:1 | Escaped Pandemonium
 70506 | Pan      | Entered Pandemonium
 70649 | Pan      | Identified a +1 robe of the Archmagi
 71042 | Pan      | Identified the +4 scale mail of Genuohemm {rF+ rC- Regen+
                  | Int+2}
 71106 | Pan      | Found an exit through the horrors of the Abyss.
 71114 | Pan      | Reached skill level 6 in Spellcasting
 71782 | Pan      | Identified the +10 falchion of Dawn {flame, rF- Will+++
                  | Str+9 Int+4}
 72060 | Pan      | Noticed Abrestet the pandemonium lord
 72080 | Pan      | Killed Abrestet the pandemonium lord
 72093 | Pan      | Reached skill level 7 in Spellcasting
 72421 | Pan      | Entered the realm of Cerebov.
 72516 | Pan      | Reached skill level 27 in Evocations
 72605 | Pan      | Found an exit through the horrors of the Abyss.
 72767 | Pan      | Reached skill level 13 in Throwing
 73355 | Pan      | Identified the ring "Topp" {rElec rF+ rCorr Dex+4 Stlth-}
 73384 | Pan      | Reached skill level 8 in Spellcasting
 73405 | Pan      | Found the +6 sword of Cerebov {flame}
 73405 | Pan      | Noticed Cerebov
 73651 | Pan      | Killed Cerebov
 73652 | Pan      | Reached skill level 14 in Throwing
 73667 | Pan      | Got a fiery rune of Zot
 73724 | Pan      | Identified the +11 war axe of Incongruity {venom, Fly rCorr
                  | Str+3}
 73786 | Pan      | Identified the ring of Insomnia {rElec rPois rC+ Int+6}
 73792 | Pan      | Identified The Grimoire of Greatest Risks and Utility
 73797 | Pan      | Identified the +6 flail of the Coward {venom, rF+}
 73873 | Pan      | Identified the +7 chain mail "Gusinos" {Fly}
 73874 | Pan      | Identified the +9 broad axe "Goiph" {drain, *Noise rElec
                  | rPois rC++}
 73903 | Pan      | Identified the +6 flail "Biunour" {vorpal, rN+ Will+
                  | Stlth-}
 73933 | Pan      | Identified the +2 ring mail of the Abyss {rC+ Int+4 Dex+3}
 74014 | Pan      | Reached skill level 9 in Spellcasting
 74062 | Pan      | Found an exit through the horrors of the Abyss.
 74068 | Pan      | Identified the +2 pair of gloves of the Morning Star {Str+2
                  | SInv}
 74087 | Pan      | You are cast into the Abyss!
 74087 | Pan      | Cast into level 2 of the Abyss (reaper)
 74087 | Abyss:2  | Found a corrupted altar of Lugonu.
 74216 | Pan      | You pass through the gate.
 74216 | Pan      | Escaped the Abyss
 74747 | Pan      | Noticed Koutuntu the pandemonium lord
 74770 | Pan      | Killed Koutuntu the pandemonium lord
 75039 | Pan      | Reached skill level 10 in Spellcasting
 75356 | Pan      | Reached skill level 15 in Throwing
 75995 | Pan      | Found a white marble altar of Elyvilon.
 76166 | Pan      | Identified the +8 spear of Okawaru's Inspiration {vorpal,
                  | *Corrode +Rage rF+ Int+3}
 76345 | Pan      | Identified the +7 short sword "Beastslayer" {vorpal, rPois
                  | Dex+3}
 76631 | Pan      | Reached skill level 11 in Spellcasting
 76732 | Pan      | Found a glowing silver altar of Zin.
 76984 | Pan      | Reached skill level 16 in Throwing
 77727 | Pan      | Reached skill level 12 in Spellcasting
 77870 | Pan      | Identified the +0 buckler of the Sky {+Blink rN+ Str-5
                  | Stlth+}
 78255 | Pan      | Identified the +9 ring mail of Acuvas {rF+++}
 78275 | Pan      | Identified the ring "Immaste" {rPois Will+ rCorr Int+4
                  | Dex-3}
 78275 | Pan      | Noticed a seraph
 78276 | Pan      | Reached skill level 17 in Throwing
 78513 | Pan      | Identified the +1 plate armour of Ruisom {Dex+2}
 78526 | Pan      | Killed a seraph
 78570 | Pan      | Found a glowing golden altar of the Shining One.
 78972 | Pan      | Reached skill level 13 in Spellcasting
 79251 | Pan      | Identified a +1 robe of the Archmagi
 79551 | Pan      | Noticed Inaxti the pandemonium lord
 79720 | Pan      | Found an exit through the horrors of the Abyss.
 79815 | Pan      | Reached skill level 18 in Throwing
 79858 | Pan      | Learned a level 2 spell: Passwall
 80113 | Pan      | Killed Inaxti the pandemonium lord
 80514 | Pan      | Noticed Waruxext the pandemonium lord
 80860 | Pan      | Reached skill level 14 in Spellcasting
 81214 | Pan      | Acquired 933 gold pieces
 81220 | Pan      | Found an exit through the horrors of the Abyss.
 81229 | Pan      | Identified the ring "Hierun" {rF+ rC+ EV+4 Str-5 Dex+3}
 81466 | Pan      | Reached skill level 1 in Earth Magic
 81548 | Pan      | Reached skill level 1 in Transmutations
 81636 | Pan      | Identified the +2 plate armour of Liberty {Drain rC+++
                  | SInv}
 81663 | Pan      | Reached skill level 2 in Earth Magic
 81755 | Pan      | Reached skill level 2 in Transmutations
 82069 | Pan      | Entered the realm of Lom Lobon.
 82106 | Pan      | Found an exit through the horrors of the Abyss.
 82165 | Pan      | Reached skill level 3 in Earth Magic
 82663 | Pan      | Noticed Lom Lobon
 82686 | Pan      | Reached skill level 4 in Earth Magic
 82709 | Pan      | Killed Lom Lobon
 82710 | Pan      | Reached skill level 3 in Transmutations
 82727 | Pan      | Got a magical rune of Zot
 83117 | Pan      | Noticed Nipo the pandemonium lord
 83147 | Pan      | Killed Nipo the pandemonium lord
 83148 | Pan      | Reached skill level 5 in Earth Magic
 83159 | Pan      | Reached skill level 4 in Transmutations
 83667 | Pan      | Reached skill level 6 in Earth Magic
 84011 | Pan      | Reached skill level 5 in Transmutations
 84018 | Pan      | Reached skill level 15 in Spellcasting
 84209 | Pan      | Found an exit through the horrors of the Abyss.
 84218 | Pan      | Noticed Fegh the pandemonium lord
 84239 | Pan      | Killed Fegh the pandemonium lord
 84240 | Pan      | Reached skill level 7 in Earth Magic
 84558 | Pan      | Reached skill level 6 in Transmutations
 84558 | Pan      | Reached skill level 8 in Earth Magic
 85291 | Pan      | Entered the realm of Mnoleg.
 85291 | Pan      | Noticed Mnoleg
 85423 | Pan      | Reached skill level 9 in Earth Magic
 85596 | Pan      | Reached skill level 7 in Transmutations
 85633 | Pan      | Found an exit through the horrors of the Abyss.
 86156 | Pan      | Reached skill level 10 in Earth Magic
 86262 | Pan      | Killed Mnoleg
 86263 | Pan      | Reached skill level 8 in Transmutations
 86396 | Pan      | Got a glowing rune of Zot
 86499 | Pan      | Reached skill level 11 in Earth Magic
 86599 | Pan      | Took an exit into the Abyss.
 86599 | Abyss:1  | You pass through the gate.
 86599 | Abyss:1  | Escaped into the Abyss
 86605 | Abyss:1  | Reached skill level 9 in Transmutations
 86684 | Abyss:1  | Reached skill level 12 in Earth Magic
 86689 | Depths:1 | You pass through the gate.
 86689 | Depths:1 | Escaped the Abyss
 86828 | Depths:2 | Identified the Catalogue of the Voyage
 86830 | Depths:2 | Identified the Grimoire of the Birds and Stones
 88989 | Vaults:5 | Identified The Second Course in Sorcery
 88998 | Vaults:5 | Learned a level 6 spell: Statue Form
 89396 | Depths:5 | Fell from the grace of Zin
 89396 | Depths:5 | Became a worshipper of the Shining One
 89479 | Depths:5 | Voluntarily entered the Abyss.
 89688 | Abyss:1  | Gained mutation: Your magical capacity is low. (-10% MP) [a
                  | neqoxec]
 89756 | Abyss:1  | Reached skill level 10 in Transmutations
 90144 | Abyss:1  | Identified the +7 short sword of Ajikeiro {venom, rN+
                  | Int+6}
 90264 | Abyss:1  | Reached skill level 13 in Earth Magic
 90459 | Depths:5 | You pass through the gate.
 90459 | Depths:5 | Escaped the Abyss
 90502 | Hell     | Entered the Vestibule of Hell
 90502 | Hell     | Noticed Geryon
 90564 | Hell     | Reached skill level 11 in Transmutations
 90575 | Hell     | Killed Geryon
 90576 | Hell     | Reached skill level 14 in Earth Magic
 90679 | Hell     | Found a gateway to the ashen valley of Gehenna.
 90806 | Hell     | Found a gateway to the decaying netherworld of Tartarus.
 90871 | Hell     | Found a gateway to the freezing wastes of Cocytus.
 90969 | Hell     | Found a gateway to the Iron City of Dis.
 90986 | Hell     | Learned a level 5 spell: Lee's Rapid Deconstruction
 90986 | Hell     | Upgraded the game from 0.27-a0-1147-gb3d8e82157 to
                  | 0.27-a0-1149-g4505690ab0
 91024 | Geh:1    | Entered Level 1 of Gehenna
 91189 | Geh:4    | Reached skill level 12 in Transmutations
 91189 | Geh:4    | Reached skill level 15 in Earth Magic
 91391 | Geh:7    | Entered Level 7 of Gehenna
 91686 | Geh:7    | Noticed the Serpent of Hell
 91734 | Geh:7    | Killed the Serpent of Hell
 91735 | Geh:7    | Reached skill level 16 in Earth Magic
 91860 | Geh:7    | Reached skill level 13 in Transmutations
 92014 | Geh:7    | Found the +7 sceptre of Asmodeus
 92014 | Geh:7    | Noticed Asmodeus
 92034 | Geh:7    | HP: 22/273 [balrug/divine providence[Asmodeus] (15)]
 92039 | Geh:7    | HP: 20/273 [balrug/+0 demon whip[Asmodeus] (11)]
 92041 | Geh:7    | Killed Asmodeus
 92108 | Geh:7    | Got an obsidian rune of Zot
 92167 | Geh:7    | Found the -2 hat of the Alchemist {rElec rPois rF+ rC+ rN+
                  | Will+ rMut rCorr}
 92334 | Tar:1    | Entered Level 1 of Tartarus
 92341 | Tar:1    | Reached skill level 17 in Earth Magic
 92488 | Tar:1    | Reached skill level 14 in Transmutations
 92869 | Tar:2    | Reached skill level 18 in Earth Magic
 93093 | Tar:3    | Upgraded the game from 0.27-a0-1149-g4505690ab0 to
                  | 0.27-a0-1154-gfdeffcb720
 93256 | Tar:3    | You are cast into the Abyss!
 93256 | Tar:3    | Cast into level 3 of the Abyss (reaper)
 93545 | Tar:3    | You pass through the gate.
 93545 | Tar:3    | Escaped the Abyss
 93825 | Tar:3    | Reached skill level 15 in Transmutations
 93891 | Tar:4    | Reached skill level 19 in Earth Magic
 94149 | Tar:7    | Entered Level 7 of Tartarus
 94723 | Tar:7    | Reached skill level 16 in Transmutations
 94738 | Tar:7    | Identified the ring of the Neverending Moons {Str+6 Int-5
                  | Slay+5}
 94823 | Tar:7    | Identified the ring of Wuenyod {*Corrode *Slow rPois Str+10
                  | Int+6}
 94858 | Tar:7    | Identified the +0 helmet "Luresm" {rC++ Int+5 Slay-3}
 94916 | Tar:7    | Reached skill level 27 in Axes
 94948 | Tar:7    | Reached skill level 2 in Dodging
 94955 | Tar:7    | Found the +1 cloak of Starlight {*Dazzle EV+4 Stlth--}
 94974 | Tar:7    | Reached skill level 3 in Dodging
 95045 | Tar:7    | Reached skill level 4 in Dodging
 95054 | Tar:7    | Identified the ring of Atheism {Wiz rC+ Will+++ rCorr
                  | Str-4}
 95057 | Tar:7    | Noticed a dread lich
 95057 | Tar:7    | Noticed a dread lich
 95066 | Tar:7    | Killed a dread lich
 95066 | Tar:7    | Killed a dread lich
 95067 | Tar:7    | Reached skill level 6 in Dodging
 95124 | Tar:7    | Reached skill level 7 in Dodging
 95202 | Tar:7    | Reached skill level 8 in Dodging
 95323 | Tar:7    | Reached skill level 9 in Dodging
 95421 | Tar:7    | Noticed Ereshkigal
 95434 | Tar:7    | Paralysed by Ereshkigal for 4 turns
 95444 | Tar:7    | Killed Ereshkigal
 95445 | Tar:7    | Reached skill level 10 in Dodging
 95635 | Tar:7    | Reached skill level 11 in Dodging
 95762 | Tar:7    | Got a bone rune of Zot
 95859 | Tar:7    | Reached skill level 12 in Dodging
 96105 | Coc:1    | Entered Level 1 of Cocytus
 96221 | Coc:2    | You are sucked into a shaft and drop 2 floors!
 96531 | Coc:5    | Reached skill level 13 in Invocations
 96698 | Coc:6    | Reached skill level 13 in Dodging
 96727 | Coc:6    | Reached skill level 14 in Invocations
 96767 | Coc:7    | Entered Level 7 of Cocytus
 96847 | Coc:7    | Reached skill level 15 in Invocations
 96997 | Coc:7    | Reached skill level 16 in Invocations
 97290 | Coc:7    | Reached skill level 17 in Invocations
 97313 | Coc:7    | Reached skill level 14 in Dodging
 97314 | Coc:7    | Noticed Antaeus
 97334 | Coc:7    | Killed Antaeus
 97335 | Coc:7    | Reached skill level 18 in Invocations
 97475 | Coc:7    | Reached skill level 19 in Invocations
 97626 | Coc:7    | Got an icy rune of Zot
 97832 | Coc:7    | Upgraded the game from 0.27-a0-1154-gfdeffcb720 to
                  | 0.27-a0-1158-gaa87e14f67
 98055 | Dis:1    | Entered Level 1 of the Iron City of Dis
 98353 | Dis:2    | Reached skill level 20 in Invocations
 98925 | Dis:2    | Reached skill level 15 in Dodging
 99099 | Dis:5    | Reached skill level 21 in Invocations
 99462 | Dis:7    | Entered Level 7 of the Iron City of Dis
 99617 | Dis:7    | Reached skill level 22 in Invocations
 99818 | Dis:7    | Found the +4 staff of Dispater
 99818 | Dis:7    | Noticed Dispater
 99846 | Dis:7    | Killed Dispater
 99847 | Dis:7    | Reached skill level 23 in Invocations
 99876 | Dis:7    | Found the +8 arc blade {discharge, rElec}
 99879 | Dis:7    | Got an iron rune of Zot
 99880 | Dis:7    | Identified the +0 cloak "Hoymn" {rPois rF+ Str+2 Stlth-}
100090 | Dis:7    | Identified the ring of the Queen {Str+7 Int+6 Dex+7}
100093 | Dis:7    | Identified the amulet "Becesch" {Acrobat rF+ Str+7 Int-5}
100096 | Dis:7    | Identified a +2 robe of resistance
100358 | Dis:7    | Reached skill level 16 in Dodging
100447 | Dis:7    | Identified the ring "Hatuwitt" {rC+ Str+2 Dex+2}
100856 | Dis:7    | Reached skill level 24 in Invocations
101829 | Tomb:1   | Entered Level 1 of the Tomb of the Ancients
102020 | Tomb:1   | Reached skill level 25 in Invocations
102265 | Tomb:1   | Noticed a royal mummy
102265 | Tomb:1   | Noticed a royal mummy
102271 | Tomb:1   | Killed a royal mummy
102273 | Tomb:1   | Killed a royal mummy
102275 | Tomb:1   | Noticed a royal mummy
102282 | Tomb:1   | Killed a royal mummy
102576 | Tomb:2   | Noticed a royal mummy
102578 | Tomb:2   | Noticed a royal mummy
102578 | Tomb:2   | Noticed a royal mummy
102582 | Tomb:2   | Reached skill level 17 in Dodging
102584 | Tomb:2   | Reached skill level 26 in Invocations
102585 | Tomb:2   | Killed a royal mummy
102585 | Tomb:2   | Killed a royal mummy
102589 | Tomb:2   | Killed a royal mummy
102589 | Tomb:2   | Noticed a royal mummy
102598 | Tomb:2   | Killed a royal mummy
102859 | Tomb:2   | Identified the +3 spear of Nuorph {antimagic, rF- rC++
                  | Dex+4}
103030 | Tomb:1   | Noticed a royal mummy
103030 | Tomb:1   | Noticed a royal mummy
103032 | Tomb:1   | Noticed a royal mummy
103033 | Tomb:1   | Noticed a royal mummy
103033 | Tomb:1   | Noticed a royal mummy
103033 | Tomb:1   | Noticed a royal mummy
103034 | Tomb:1   | Killed a royal mummy
103036 | Tomb:1   | Noticed a royal mummy
103038 | Tomb:1   | Killed a royal mummy
103045 | Tomb:1   | Killed a royal mummy
103049 | Tomb:1   | Killed a royal mummy
103049 | Tomb:1   | Killed a royal mummy
103050 | Tomb:1   | Reached skill level 27 in Invocations
103051 | Tomb:1   | Killed a royal mummy
103053 | Tomb:1   | Killed a royal mummy
103201 | Tomb:2   | Reached skill level 18 in Dodging
103293 | Tomb:3   | Entered Level 3 of the Tomb of the Ancients
103297 | Tomb:3   | Noticed a royal mummy
103302 | Tomb:3   | Noticed a royal mummy
103303 | Tomb:3   | Noticed a royal mummy
103349 | Tomb:3   | Noticed a royal mummy
103361 | Tomb:3   | Killed a royal mummy
103566 | Tomb:3   | Noticed a royal mummy
103566 | Tomb:3   | Noticed a royal mummy
103568 | Tomb:3   | Noticed a royal mummy
103573 | Tomb:3   | Noticed a royal mummy
103583 | Tomb:3   | Killed a royal mummy
103584 | Tomb:3   | Reached skill level 19 in Dodging
103587 | Tomb:3   | HP: 26/273 [bennu (12)]
103587 | Tomb:3   | HP: 7/273 [death scarab (11)]
103588 | Tomb:2   | Gained mutation: You sometimes lose the ability to read
                  | scrolls when taking damage. [mutagenic glow]
103601 | Tomb:2   | Gained mutation: Your magical capacity is very low. (-20%
                  | MP) [mutagenic glow]
103705 | Tomb:3   | Noticed a royal mummy
103710 | Tomb:3   | Killed a royal mummy
103716 | Tomb:3   | Lost mutation: Your magical capacity is very low. (-20% MP)
                  | [potion of mutation]
103716 | Tomb:3   | Lost mutation: You sometimes lose the ability to read
                  | scrolls when taking damage. [potion of mutation]
103728 | Tomb:3   | Killed a royal mummy
103734 | Tomb:3   | Killed a royal mummy
103743 | Tomb:3   | HP: 34/354 [mummy priest/divine providence (14)]
103744 | Tomb:3   | Killed a royal mummy
103744 | Tomb:3   | Killed a royal mummy
103745 | Tomb:3   | Reached skill level 20 in Dodging
103746 | Tomb:3   | Killed a royal mummy
103753 | Tomb:3   | Killed a royal mummy
104096 | Tomb:3   | Got a golden rune of Zot
104155 | Tomb:3   | Identified the +12 war axe "Doit" {venom, rF+ rN+}
104156 | Tomb:3   | Identified the Collected Works on Dark Transmigration
104158 | Tomb:3   | Identified the +8 war axe "Pelea" {protect, +Rage Int+3
                  | Dex-3}
104160 | Tomb:3   | Identified the +2 robe of Bycwy {rC+ rCorr Int+3}
104201 | Tomb:3   | Identified the +0 robe "Tixi" {SInv}
104223 | Tomb:3   | Identified the +0 plate armour of Music {-Tele *Corrode Fly
                  | Int+7}
104240 | Tomb:3   | Identified the Guide on Toxins and the Snowflakes
105113 | Zig:1    | Entered Level 1 of a ziggurat
105320 | Zot:1    | Entered Level 1 of the Realm of Zot
105897 | Zot:1    | Reached skill level 21 in Dodging
106803 | Zot:2    | Noticed an electric golem
106817 | Zot:2    | Killed an electric golem
107010 | Zot:2    | Reached skill level 22 in Dodging
108644 | Zot:4    | Noticed an orb of fire
108661 | Zot:4    | Killed an orb of fire
108662 | Zot:4    | Reached skill level 23 in Dodging
109258 | Zot:5    | Entered Level 5 of the Realm of Zot
109904 | Zot:5    | Reached skill level 24 in Dodging
109906 | Zot:5    | Noticed an orb of fire
109908 | Zot:5    | Noticed an orb of fire
109914 | Zot:5    | Killed an orb of fire
109928 | Zot:5    | Killed an orb of fire
109976 | Zot:5    | Noticed a dread lich
109979 | Zot:5    | Killed a dread lich
109991 | Zot:5    | Reached skill level 25 in Dodging
110228 | Zot:5    | Learned a level 1 spell: Apportation
110254 | Zot:5    | Noticed an electric golem
110258 | Zot:5    | Killed an electric golem
110259 | Zot:5    | Reached skill level 1 in Translocations
110290 | Zot:5    | Reached skill level 2 in Translocations
110337 | Zot:5    | Reached skill level 3 in Translocations
110350 | Zot:5    | Got the Orb of Zot
110483 | Zot:1    | Noticed Zumoog the pandemonium lord
110483 | Zot:1    | Noticed an ancient lich
110489 | Zot:1    | Killed an ancient lich
110490 | Zot:1    | Reached skill level 4 in Translocations
110491 | Zot:1    | Killed Zumoog the pandemonium lord
110492 | Zot:1    | Reached skill level 5 in Translocations
110642 | Depths:4 | Noticed Jiowk the pandemonium lord
110780 | D:14     | Reached skill level 6 in Translocations
110909 | D:7      | Noticed Jos Elacyc the pandemonium lord
110925 | D:7      | Killed Jos Elacyc the pandemonium lord
111102 | D:$      | Escaped with the Orb!

Vanquished Creatures
  Cerebov (Pan)
  Asmodeus (Geh:7)
  Antaeus (Coc:7)
  the Royal Jelly (Slime:5)
  Ereshkigal (Tar:7)
  A seraph (Pan)
  Gloorx Vloq (Pan)
  Lom Lobon (Pan)
  the Serpent of Hell (Geh:7)
  Mnoleg (Pan)
  4 dread liches
  Dispater (Dis:7)
  3 orbs of fire
  12 pandemonium lords
  3 ancient liches
  3 juggernauts (Depths:2)
  Sojobo (Depths:3)
  22 royal mummies
  10 shard shrikes
  Margery (Crypt:1)
  the Lernaean hydra (Swamp:4)
  11 Killer Klowns
  A caustic shrike (Depths:2)
  Saint Roka (Crypt:1)
  13 golden dragons
  Geryon (Hell)
  15 bone dragons
  A profane servitor (Abyss:4)
  2 pearl dragons (Pan)
  2 electric golems
  10 doom hounds
  43 Tzitzimimeh
  4 hellephants
  6 iron giants (Dis:7)
  19 Brimstone Fiends
  37 Ice Fiends
  7 titans
  21 liches
  15 tentacled monstrosities
  25 Orb Guardians
  5 deep elf blademasters
  17 Hell Sentinels
  9 quicksilver dragons
  2 deep elf master archers (Elf:3)
  16 acid blobs
  An eldritch tentacle (Pan)
  16 ancient champions
  The ghost of Lutyo the Whirler, an adept HaHu of Okawaru (Depths:2)
  14 death cobs
  20 tentacled starspawn
  2 thorn hunters
  8 sphinxes
  Kirke (Elf:1)
  30 shadow dragons
  38 Executioners
  6 tengu reavers
  21 daevas (Pan)
  20 storm dragons
  9 azure jellies
  4 draconian monks
  5 revenants
  7 rockslimes (Slime:5)
  The ghost of ClownBaby the Impaler, an adept MfGl of Uskayaw (Spider:1)
  5 draconian knights
  8 blood saints (Pan)
  A fire giant (shapeshifter) (Vaults:5)
  10 frost giants
  8 fire giants
  Louise (Swamp:1)
  7 deep elf sorcerers
  5 draconian scorchers
  16 vault wardens
  An orc warlord (Orc:2)
  7 draconian shifters
  Aizul (Crypt:1)
  15 iron dragons
  6 ghost moths
  A caustic shrike zombie (Hell)
  5 emperor scorpions
  7 curse skulls
  31 angels (Pan)
  30 cacodemons
  10 black suns (Pan)
  11 warmongers (Pan)
  32 balrugs
  5 deep elf elementalists
  7 draconian stormcallers
  86 reapers
  5 draconian annihilators
  4 elemental wellsprings (Coc:7)
  5 ghouls
  37 very ugly things
  16 ironbound preservers
  A spriggan defender (Depths:5)
  7 quicksilver oozes
  16 war gargoyles
  16 bennus
  36 stone giants
  7 deep elf demonologists
  11 green draconians
  Nessos (Lair:5)
  13 ophanim
  16 corrupters (Pan)
  7 purple draconians
  7 vampire knights
  11 black draconians
  3 entropy weavers
  26 lorocyprocas
  25 apis (Pan)
  6 bunyips
  3 dire elephants
  11 deep elf annihilators
  14 white draconians
  6 eidola
  5 yellow draconians
  12 spark wasps
  A minotaur (Gauntlet)
  8 deep elf death magi
  5 eleionomae
  30 blizzard demons
  12 red draconians
  Snorg (D:11)
  10 ettins
  A shambling mangrove (Swamp:3)
  2 merfolk impalers
  2 crystal guardians (Vaults:3)
  20 mummy priests
  9 jiangshi
  10 fire dragons
  2 kraken zombies
  14 yaktaur captains
  2 quicksilver dragon zombies
  12 deep elf high priests
  15 great orbs of eyes
  13 green deaths
  6 ironbound thunderhulks
  17 ice dragons
  Josephine (D:11)
  2 juggernaut simulacra (Pan)
  5 boulder beetles
  31 hydras
  4 ghost crabs
  6 quicksilver dragon skeletons
  13 monstrous demonspawn (Pan)
  41 vault guards
  12 rakshasas
  2 spriggan air magi
  4 hell beasts
  A spectral shadow dragon (Crypt:3)
  9 ironbound frosthearts
  3 peacekeepers
  5 ogre magi
  Erica (D:9)
  4 death knights
  3 catoblepae
  10 centaur warriors
  18 two-headed ogres
  8 alligators
  A satyr (Abyss:5)
  7 deep troll shamans
  A fenstrider witch skeleton (Crypt:2)
  A death yak (Lair:4)
  27 dancing weapons
  6 vampire magi
  71 death scarabs
  30 hell hogs
  4 spriggan berserkers
  5 ironbound beastmasters
  9 titan zombies
  10 deep troll earth magi
  15 thrashing horrors
  Urug (Orc:2)
  8 tengu warriors
  6 holy swine (Pan)
  14 spriggans
  2 naga sharpshooters (Depths:3)
  2 orc high priests
  21 deep elf knights
  76 soul eaters
  72 sun demons
  5 titan skeletons
  36 hell knights
  A spectral storm dragon (Crypt:3)
  4 storm dragon zombies
  11 iron golems (Dis:2)
  29 sixfirhies
  A spectral emperor scorpion (Spider:4)
  17 iron trolls
  A fire crab (Volcano)
  7 golden dragon zombies
  134 skeletal warriors
  A death drake (shapeshifter) (Vaults:5)
  11 wretched stars
  32 shadow wraiths
  3 storm dragon skeletons
  4 spatial maelstroms
  20 cherubim (Pan)
  A death drake (Tar:3)
  4 goliath frogs
  13 anaconda zombies
  2 tengu zombies
  13 bog bodies
  11 flayed ghosts
  An obsidian statue (Zot:5)
  18 torturous demonspawn (Pan)
  4 golden dragon skeletons
  7 gelid demonspawn (Pan)
  30 shadow demons
  8 shadow dragon zombies
  69 deep trolls
  6 glowing orange brains
  An orange crystal statue (Depths:2)
  24 deep elf archers
  16 ironbound convokers
  4 spectral wolf spiders
  5 harpies (Vaults:2)
  10 infernal demonspawn (Pan)
  A ghost moth zombie (Tar:7)
  11 swamp dragons
  34 phantasmal warriors
  12 wizards
  13 wolf spider zombies
  8 necromancers
  14 lindwurms
  2 orc knights
  7 anaconda skeletons
  28 deep elf zephyrmancers
  29 ugly things
  5 iron dragon zombies
  30 deep elf pyromancers
  2 oklob plants
  4 orc sorcerers
  24 wolf spiders
  2 shadow dragon skeletons
  A shining eye (Slime:1)
  13 orb spiders
  8 fire giant zombies
  A shining eye (shapeshifter) (Vaults:5)
  13 cyclopes
  6 will-o-the-wisps
  108 large abominations
  6 worldbinders
  81 slime creatures
  7 fire giant skeletons
  3 manticores
  6 frost giant skeletons
  5 stone giant zombies
  A goliath frog skeleton (Crypt:2)
  2 shock serpent zombies
  10 elephants
  7 stone giant skeletons
  7 frost giant zombies
  21 moths of wrath
  3 iron dragon skeletons
  16 vault sentinels
  7 ice statues
  60 rust devils
  15 molten gargoyles
  5 black mambas
  A guardian serpent (Abyss:3)
  109 smoke demons
  3 apocalypse crabs
  4 dire elephant zombies
  A naga mage (Vaults:3)
  2 water nymphs (Abyss:5)
  A guardian serpent (shapeshifter) (Abyss:1)
  9 cane toads
  46 orange demons
  2 gargoyles
  An emperor scorpion zombie (Coc:6)
  A torpor snail (Lair:4)
  A dire elephant skeleton (Tar:7)
  4 unseen horrors
  2 catoblepas zombies
  An elf skeleton (Vaults:2)
  A kobold demonologist (D:11)
  A minotaur zombie (Geh:6)
  2 shock serpent skeletons
  An alligator snapping turtle zombie (Crypt:2)
  58 demonic crawlers
  37 hellions
  2 rime drakes
  57 tormentors
  14 komodo dragons
  An anaconda simulacrum (Abyss:1)
  12 ancient zymes
  39 ice devils
  30 freezing wraiths
  6 spectral redbacks (Spider:4)
  2 catoblepas skeletons
  35 hellwings
  A purple draconian zombie (Geh:7)
  5 tengu conjurers
  A redback zombie (Spider:4)
  7 efreet
  45 yaktaurs
  41 guardian mummies
  47 red devils
  A sea snake skeleton (Hell)
  4 silent spectres
  Grinder (D:3)
  10 hydra zombies
  2 harpy zombies
  27 jumping spiders
  33 polar bears
  24 hornets
  A bloated husk (Swamp:4)
  2 spectral jumping spiders (Spider:4)
  15 trolls
  7 tyrant leeches
  3 wolf spider simulacra (Spider:3)
  4 spectral tarantellas (Spider:4)
  45 raiju
  2 spriggan zombies
  8 hydra skeletons
  5 fire dragon zombies
  3 ice dragon zombies
  18 blink frogs
  Prince Ribbit (D:6)
  2 tarantella zombies (Spider:4)
  An iron dragon simulacrum (Tomb:3)
  A meliai zombie (D:11)
  3 alligator zombies
  A human simulacrum (Vaults:2)
  7 ettin zombies
  3 air elementals
  138 flying skulls
  2 centaur simulacra
  4 ettin skeletons
  2 fire dragon skeletons
  26 wraiths
  30 water elementals
  A black mamba zombie (Tar:7)
  6 ice dragon skeletons
  33 shadows
  An elf zombie (Vaults:2)
  3 ushabtiu
  A shock serpent simulacrum (Abyss:3)
  58 ynoxinuls
  2 alligator skeletons
  20 tarantellas
  A vampire (Abyss:1)
  60 redbacks
  A hog (Elf:1)
  61 yaks
  9 wyverns
  54 neqoxecs
  A dire elephant simulacrum (Abyss:4)
  A black mamba skeleton (Tar:2)
  18 fire elementals
  13 golden eyes
  5 steam dragons
  8 basilisks
  3 fire bats
  3 deep troll zombies
  5 wargs
  An acid dragon (D:11)
  11 vampire mosquitoes
  A swamp worm (shapeshifter) (Vaults:5)
  12 swamp worms
  33 chaos spawn
  6 spatial vortices
  2 merfolk zombies
  10 cane toad zombies
  A monstrous demonspawn zombie (Geh:7)
  47 hell hounds
  11 water moccasins
  A spectral hornet (Spider:4)
  2 monstrous demonspawn skeletons
  22 orc warriors
  A hydra simulacrum (Coc:5)
  A merfolk skeleton (Crypt:1)
  2 floating eyes (Depths:3)
  13 swamp drakes
  3 sky beasts
  3 cane toad skeletons
  A deep troll skeleton (Crypt:1)
  A human skeleton (Vaults:2)
  11 black bears
  3 snapping turtle zombies
  21 ice beasts
  3 alligator simulacra
  41 ogres
  28 necrophages
  A hornet zombie (Spider:4)
  2 swamp dragon zombies
  16 wolves
  A boggart (Gauntlet)
  A centaur (shapeshifter) (Abyss:5)
  3 phantoms
  13 centaurs
  A blink frog skeleton (Crypt:2)
  36 small abominations
  2 snapping turtle skeletons (Pan)
  A torpor snail zombie (Crypt:1)
  An elephant skeleton (Crypt:3)
  A manticore skeleton (Coc:5)
  5 kobold brigands
  10 bullfrogs
  Blork the orc (D:5)
  3 scorpions
  A draconian skeleton (Crypt:3)
  A deep troll simulacrum (Crypt:1)
  2 water moccasin zombies
  A salamander skeleton (Crypt:3)
  A troll zombie (Tar:7)
  A killer bee (D:10)
  A water moccasin skeleton (D:6)
  40 wights
  10 howler monkeys
  A troll skeleton (Coc:7)
  8 electric eels
  10 lava snakes
  2 bullfrog zombies (D:6)
  8 centaur zombies
  4 crimson imps
  5 quasits
  49 starcursed masses
  5 hounds
  3 jellies
  12 orc priests
  2 centaur skeletons
  A gnoll shaman (D:6)
  55 iron imps
  4 bullfrog skeletons
  2 iguanas
  2 basilisk skeletons (Crypt:3)
  24 orc wizards
  A scorpion zombie (Crypt:2)
  9 hell rats (Lair:1)
  A killer bee zombie (D:7)
  An ogre zombie (Tar:7)
  2 acid dragon skeletons
  A tengu skeleton (Dis:7)
  42 mummies
  A howler monkey skeleton (D:6)
  2 howler monkey zombies
  16 adders
  12 river rats (Lair:1)
  17 shadow imps
  17 white imps
  7 ufetubi
  A lava snake zombie (Crypt:1)
  A lava snake skeleton (Crypt:3)
  5 dart slugs
  93 orcs
  3 ball pythons
  A bat skeleton (Crypt:1)
  8 endoplasms
  3 giant cockroaches
  7 goblins
  8 hobgoblins
  9 quokkas
  A river rat zombie (Crypt:3)
  5 bats
  A frilled lizard (D:2)
  A goblin skeleton (Crypt:1)
  A hobgoblin zombie (Crypt:1)
  A jackal zombie (Crypt:2)
  28 kobolds
  A kobold skeleton (Coc:2)
  2 orc zombies
  21 rats
  A ball lightning (Pan)
  A bush (Lair:5)
  3 fire vortices (Pan)
  A pillar of salt (Abyss:4)
  21 starspawn tentacles
  5 tentacles
5611 creatures vanquished.

Vanquished Creatures (collateral kills)
  A royal mummy (Tomb:2)
  An iron dragon (Dis:7)
  A war gargoyle (Dis:7)
  A green draconian (Zot:2)
  A black draconian (Zot:2)
  2 mummy priests (Tomb:1)
  A blizzard demon (Coc:7)
  3 death scarabs (Tomb:2)
  A spectral wolf spider (Spider:4)
  A spectral redback (Spider:4)
  3 guardian mummies
  A dire elephant simulacrum (Coc:7)
  2 orc warriors (Crypt:1)
  A cane toad simulacrum (Coc:7)
  2 orc wizards (Crypt:1)
  A mummy (Tomb:1)
23 creatures vanquished.

Vanquished Creatures (others)
  A tentacled starspawn (Abyss:1)
  A storm dragon (Depths:2)
  A fire giant (Depths:5)
  A deep elf sorcerer (Elf:3)
  A ghost moth (Zot:2)
  A green draconian (Abyss:1)
  2 elemental wellsprings (Coc:7)
  A blizzard demon (Pan)
  A death scarab (Tomb:2)
  2 hell hogs (Geh:7)
  A soul eater (Pan)
  A ghost moth zombie (Geh:7)
  A glowing orange brain (Pan)
  A deep elf zephyrmancer (Elf:1)
  A smoke demon (Pan)
  2 hellwings (Pan)
  3 bloated husks
  A blink frog (Lair:5)
  A raiju (Abyss:1)
  A hornet (Swamp:3)
  2 redbacks (Spider:4)
  A yak (D:10)
  A wyvern (D:10)
  4 golden eyes (Abyss:1)
  A human (Elf:1)
  A ynoxinul (Pan)
  4 large abominations (Abyss:1)
  A hell hound (Volcano)
  2 small abominations (Abyss:1)
  A white imp (Abyss:1)
  A briar patch (Pan)
  2 bushes
  4 demonic plants (Pan)
  A fire vortex (Pan)
  23 foxfires
  46 fungi
  3 lurking horrors
  A pillar of salt (Pan)
  100 plants
  35 starspawn tentacles
  7 tentacles
  17 withered plants (Gauntlet)
283 creatures vanquished.

Grand Total: 5917 creatures vanquished

Table legend: (Time is in decaauts)
 A = Elapsed time spent in this place.
 B = Non-inter-level travel time spent in this place.
 C = Inter-level travel time spent in this place.
 D = Time resting spent in this place.
 E = Time spent auto-exploring this place.
 F = Levels seen in this place.
 G = Mean time per level.
                   A        B        C        D        E       F      G
               +--------+--------+--------+--------+--------+-----+--------+
         Total | 109069 |  95144 |  13925 |   5459 |  59848 | 122 |  894.0 |
       Dungeon |  18923 |  13594 |   5329 |    331 |  10559 |  15 | 1261.5 |
        Temple |    179 |     99 |     80 |      0 |     94 |   1 |  179.0 |
          Lair |   7331 |   5976 |   1355 |     91 |   4563 |   6 | 1221.8 |
         Swamp |   2772 |   2586 |    186 |    138 |   1668 |   4 |  693.0 |
   Spider Nest |   4190 |   3973 |    217 |    362 |   2646 |   4 | 1047.5 |
    Slime Pits |    594 |    559 |     35 |    101 |      0 |   5 |  118.8 |
  Orcish Mines |   2249 |   1488 |    761 |      0 |   1158 |   2 | 1124.5 |
   Elven Halls |   4724 |   3723 |   1001 |    290 |   2249 |   3 | 1574.7 |
        Vaults |   8422 |   7007 |   1415 |    544 |   4941 |   5 | 1684.4 |
         Crypt |   2980 |   2640 |    340 |     32 |   2010 |   3 |  993.3 |
          Tomb |   3094 |   2653 |    441 |    423 |    977 |   3 | 1031.3 |
        Depths |   8829 |   6709 |   2120 |    311 |   4970 |   5 | 1765.8 |
          Hell |    712 |    550 |    162 |      0 |    315 |   1 |  712.0 |
           Dis |   3217 |   3201 |     16 |     72 |   1509 |   7 |  459.6 |
       Gehenna |   1111 |   1041 |     70 |    179 |     15 |   7 |  158.7 |
       Cocytus |   1839 |   1793 |     46 |    237 |    345 |   6 |  306.5 |
      Tartarus |   3181 |   3081 |    100 |    330 |   1097 |   7 |  454.4 |
           Zot |   5045 |   4801 |    244 |    109 |   3525 |   5 | 1009.0 |
         Abyss |   4266 |   4266 |      0 |    347 |   1962 |   9 |  474.0 |
   Pandemonium |  23634 |  23634 |      0 |   1496 |  14788 |  19 | 1243.9 |
      Ziggurat |     41 |     41 |      0 |     11 |      0 |   1 |   41.0 |
        Bazaar |    241 |    241 |      0 |      0 |    109 |   1 |  241.0 |
      Ice Cave |    631 |    631 |      0 |      0 |    343 |   1 |  631.0 |
       Volcano |    382 |    382 |      0 |      3 |      0 |   1 |  382.0 |
      Gauntlet |    474 |    474 |      0 |     47 |      0 |   1 |  474.0 |
               +--------+--------+--------+--------+--------+-----+--------+

Top non-repeatable levels by time:
    D:10: 3544 daAuts
Depths:2: 2591 daAuts
Vaults:1: 2084 daAuts
Vaults:2: 1998 daAuts
   Elf:3: 1926 daAuts
   Dis:7: 1888 daAuts
Depths:5: 1875 daAuts
   Tar:7: 1766 daAuts
 Abyss:1: 1593 daAuts
    D:15: 1587 daAuts
Depths:4: 1575 daAuts
   Elf:1: 1540 daAuts
Depths:1: 1538 daAuts
   Orc:2: 1509 daAuts
   Zot:2: 1505 daAuts

Table legend:
 A = Non-vault XP
 B = Vault XP
 C = Vault XP percentage of total XP
 D = Non-vault monster count
 E = Vault monster count
 F = Vault count percentage of total count
                 A         B        C        D         E       F
            +---------+---------+-------+---------+---------+-------
      Total | 2483563 | 2132062 |  46.2 |    3607 |    1897 |  34.5
            +---------+---------+-------+---------+---------+-------
        D:1 |      15 |      16 |  51.6 |       8 |       7 |  46.7
        D:2 |     103 |      14 |  12.0 |      21 |       2 |   8.7
        D:3 |     123 |     351 |  74.1 |      20 |      14 |  41.2
        D:4 |     443 |     201 |  31.2 |      21 |       7 |  25.0
        D:5 |    1006 |     418 |  29.4 |      18 |       5 |  21.7
        D:6 |     809 |    2659 |  76.7 |      18 |      23 |  56.1
        D:7 |     491 |     309 |  38.6 |       8 |       3 |  27.3
        D:8 |    2005 |      40 |   2.0 |      33 |       1 |   2.9
        D:9 |    3082 |     934 |  23.3 |      26 |       1 |   3.7
       D:10 |    3441 |    6384 |  65.0 |      14 |      21 |  60.0
       D:11 |    4317 |    3792 |  46.8 |      21 |      13 |  38.2
       D:12 |    4275 |    1519 |  26.2 |      17 |       4 |  19.0
       D:13 |    5450 |    7888 |  59.1 |      14 |       8 |  36.4
       D:14 |    5422 |       0 |   0.0 |      13 |       0 |   0.0
       D:15 |    5684 |    3521 |  38.3 |      12 |       3 |  20.0
     Lair:1 |    3997 |     678 |  14.5 |      16 |      37 |  69.8
     Lair:2 |    4243 |    2872 |  40.4 |      20 |      10 |  33.3
     Lair:3 |    5056 |     794 |  13.6 |      14 |       3 |  17.6
     Lair:4 |    3150 |    3922 |  55.5 |       7 |       7 |  50.0
     Lair:5 |   12669 |    2645 |  17.3 |      45 |       7 |  13.5
     Lair:6 |    4866 |   10877 |  69.1 |      15 |      44 |  74.6
    Swamp:1 |    6590 |    1752 |  21.0 |      19 |       1 |   5.0
    Swamp:2 |   12793 |     402 |   3.0 |      24 |       3 |  11.1
    Swamp:3 |   20689 |       0 |   0.0 |      31 |       0 |   0.0
    Swamp:4 |   18903 |   23189 |  55.1 |      24 |      33 |  57.9
   Spider:1 |    6466 |    6106 |  48.6 |      18 |      14 |  43.8
   Spider:2 |   12488 |       0 |   0.0 |      39 |       0 |   0.0
   Spider:3 |   12425 |    8082 |  39.4 |      27 |      15 |  35.7
   Spider:4 |   15249 |   36178 |  70.3 |      41 |      70 |  63.1
    Slime:1 |   13260 |       0 |   0.0 |      25 |       0 |   0.0
    Slime:2 |    1095 |       0 |   0.0 |       4 |       0 |   0.0
    Slime:3 |   15720 |       0 |   0.0 |      25 |       0 |   0.0
    Slime:4 |     780 |       0 |   0.0 |       3 |       0 |   0.0
    Slime:5 |    9745 |   39023 |  80.0 |      14 |      16 |  53.3
      Orc:1 |    3186 |     572 |  15.2 |      39 |       1 |   2.5
      Orc:2 |    7141 |   18509 |  72.2 |      54 |      42 |  43.8
      Elf:1 |   17626 |    7451 |  29.7 |      28 |      10 |  26.3
      Elf:2 |   14994 |   26040 |  63.5 |      20 |      33 |  62.3
      Elf:3 |   18282 |   48242 |  72.5 |      29 |      40 |  58.0
   Vaults:1 |   53479 |   15480 |  22.4 |      72 |      20 |  21.7
   Vaults:2 |   15869 |   14814 |  48.3 |      29 |      27 |  48.2
   Vaults:3 |   34693 |   18960 |  35.3 |      45 |      17 |  27.4
   Vaults:4 |   18658 |   17357 |  48.2 |      24 |      24 |  50.0
   Vaults:5 |   14139 |  132649 |  90.4 |      22 |      93 |  80.9
    Crypt:1 |   31270 |   21369 |  40.6 |      44 |      30 |  40.5
    Crypt:2 |   20838 |       0 |   0.0 |      27 |       0 |   0.0
    Crypt:3 |   15292 |   47457 |  75.6 |      20 |      72 |  78.3
     Tomb:1 |   13024 |   80567 |  86.1 |      31 |      33 |  51.6
     Tomb:2 |    9291 |   65158 |  87.5 |      27 |      72 |  72.7
     Tomb:3 |   18981 |  111743 |  85.5 |      41 |      74 |  64.3
   Depths:1 |   22565 |    1262 |   5.3 |      23 |       1 |   4.2
   Depths:2 |   33729 |   97707 |  74.3 |      36 |      57 |  61.3
   Depths:3 |       0 |  103055 | 100.0 |       0 |      71 | 100.0
   Depths:4 |   21599 |    1802 |   7.7 |      25 |       1 |   3.8
   Depths:5 |   32677 |   23216 |  41.5 |      36 |      12 |  25.0
       Hell |   39600 |   29286 |  42.5 |      56 |      47 |  45.6
      Dis:1 |   12336 |       0 |   0.0 |      27 |       0 |   0.0
      Dis:2 |   22929 |   21973 |  48.9 |      43 |      49 |  53.3
      Dis:3 |     782 |      79 |   9.2 |       2 |       2 |  50.0
      Dis:4 |    2075 |       0 |   0.0 |       4 |       0 |   0.0
      Dis:5 |   16840 |       0 |   0.0 |      37 |       0 |   0.0
      Dis:6 |     426 |       0 |   0.0 |       2 |       0 |   0.0
      Dis:7 |   89736 |   96034 |  51.7 |     110 |      59 |  34.9
      Geh:1 |   16158 |       0 |   0.0 |      43 |       0 |   0.0
      Geh:2 |    7155 |       0 |   0.0 |      13 |       0 |   0.0
      Geh:3 |     124 |       0 |   0.0 |       1 |       0 |   0.0
      Geh:4 |    7604 |       0 |   0.0 |      11 |       0 |   0.0
      Geh:5 |    2132 |     187 |   8.1 |       4 |       1 |  20.0
      Geh:6 |   10007 |       0 |   0.0 |      21 |       0 |   0.0
      Geh:7 |   42103 |   62426 |  59.7 |      65 |      36 |  35.6
      Coc:1 |   12969 |       0 |   0.0 |      16 |       0 |   0.0
      Coc:2 |    5664 |       0 |   0.0 |      12 |       0 |   0.0
      Coc:4 |    9477 |       0 |   0.0 |      32 |       0 |   0.0
      Coc:5 |   25241 |       0 |   0.0 |      48 |       0 |   0.0
      Coc:6 |   11924 |       0 |   0.0 |      28 |       0 |   0.0
      Coc:7 |   93515 |   68000 |  42.1 |      86 |      34 |  28.3
      Tar:1 |   41884 |       0 |   0.0 |      37 |       0 |   0.0
      Tar:2 |   36919 |       0 |   0.0 |      55 |       0 |   0.0
      Tar:3 |   38291 |       0 |   0.0 |      47 |       0 |   0.0
      Tar:4 |   18097 |   20020 |  52.5 |      24 |      24 |  50.0
      Tar:5 |    5500 |       0 |   0.0 |       8 |       0 |   0.0
      Tar:6 |     688 |       0 |   0.0 |       1 |       0 |   0.0
      Tar:7 |  138402 |  121768 |  46.8 |     137 |      69 |  33.5
      Zot:1 |   39669 |    3528 |   8.2 |      22 |       2 |   8.3
      Zot:2 |   93761 |    4544 |   4.6 |      66 |       2 |   2.9
      Zot:3 |   33770 |       0 |   0.0 |      19 |       0 |   0.0
      Zot:4 |   33309 |       0 |   0.0 |      19 |       0 |   0.0
      Zot:5 |   55636 |  145676 |  72.4 |      27 |      40 |  59.7
    Abyss:1 |   91439 |    3067 |   3.2 |     132 |       2 |   1.5
    Abyss:2 |   34124 |       0 |   0.0 |      62 |       0 |   0.0
    Abyss:3 |   31112 |   10725 |  25.6 |      51 |       6 |  10.5
    Abyss:4 |   60737 |       0 |   0.0 |      89 |       0 |   0.0
    Abyss:5 |   23284 |   18107 |  43.7 |      41 |      16 |  28.1
        Pan |  638943 |  491486 |  43.5 |     761 |     344 |  31.1
      Zig:1 |    5018 |       0 |   0.0 |       1 |       0 |   0.0
      IceCv |       0 |    9454 | 100.0 |       0 |      36 | 100.0
    Volcano |       0 |    3394 | 100.0 |       0 |      15 | 100.0
   Gauntlet |       0 |    4332 | 100.0 |       0 |      11 | 100.0
            +---------+---------+-------+---------+---------+-------
